 Dungeon Crawl Stone Soup version 0.31-a0-1395-g7c67ea8c80 (webtiles) character file.

Game seed: 5561168035235199860

16807895 tape the Maledictor (level 27, 291/291 HPs)
             Began as a Demonspawn Monk on Dec 21, 2023.
             Was the Champion of Dithmenos.
             Escaped with the Orb
             ... and 15 runes
             ... and 1 gem on Dec 25, 2023!
             The game lasted 05:15:57 (93429 turns).

tape the Maledictor (Demonspawn Monk)              Turns: 93429, Time: 05:15:57

Health: 291/291    AC: 42    Str: 24      XL:     27
Magic:  42/42      EV: 28    Int: 13 (17) God:    Dithmenos [******]
Gold:   16754      SH: 12    Dex: 27 (31) Spells: 1/56 levels left

rFire   + + .        a - +8 longbow "Zephyr" {speed, Dex+3 SInv}
rCold   + + .        (shield currently unavailable)
rNeg    + + +        S - +8 fire dragon scales {Xtahua}
rPois   ∞            W - +2 helmet of the Barnacle {Stlth+}
rElec   +            (cloak unavailable)
rCorr   .            X - +2 pair of gloves of the Big Bang {^Contam Will+++ Dex+3}
SInv    +            E - +2 pair of boots of Acze {Str+3 Slay+2}
Will    +++++        x - amulet of regeneration
Stlth   +++++        u - ring "Agrevou" {rElec Str+5 Int+3 Dex-2 Slay+4}
HPRegen 1.48/turn    Q - ring of Owicohir {rF+ Slay+3}
MPRegen 0.28/turn

%: no passive effects
@: death-form, wreathed by umbra, studying 4 skills
A: vile attack, torment immunity, no potions, large bone plates 3, icemail 2,
powered by pain 3, robust 3, condensation shield, weakness stinger 3, strong 1
0: Orb of Zot
}: 15/15 runes: serpentine, barnacled, slimy, silver, golden, iron, obsidian,
icy, bone, abyssal, demonic, glowing, magical, fiery, dark
a: Siphon Essence, Begin Untransformation, Renounce Religion, Shadow Step,
Shadow Form


You escaped.
You worshipped Dithmenos.
Dithmenos was exalted by your worship.
You were an undying horror.
You visited 18 branches of the dungeon, and saw 87 of its levels.
You visited Pandemonium 1 time, and saw 14 of its levels.
You visited the Abyss 2 times.
You visited 1 ziggurat, and saw 9 of its levels.
You also visited: Trove, Sewer, Gauntlet, Ice Cave and Wizlab.

You collected 18050 gold pieces.
You spent 1296 gold pieces at shops.

Inventory:

Hand Weapons
 a - the +8 longbow "Zephyr" (weapon) {speed, Dex+3 SInv}
   (You bought it in a shop on level 1 of the Dungeon)

   Dex+3:     It affects your dexterity (+3).
   SInv:      It lets you see invisible.
Armour
 b - the +1 hat of Context {Will+ Stlth+}
   (You found it in a treasure trove)

   Will+:     It increases your willpower.
   Stlth+:    It makes you more stealthy.
 E - the +2 pair of boots of Acze (worn) {Str+3 Slay+2}
   (You found it on level 3 of the Crypt)

   Str+3:     It affects your strength (+3).
   Slay+2:    It affects your accuracy & damage with ranged weapons and melee
   (+2).
 F - the +5 pair of boots of Red Liberty {+Inv rF++ Str+3 Int-2}
   (You acquired it on level 3 of the Depths)

   Str+3:     It affects your strength (+3).
   Int-2:     It affects your intelligence (-2).
   rF++:      It greatly protects you from fire.
   +Inv:      It lets you turn invisible.
 S - +8 fire dragon scales (worn) {Xtahua}
 W - the +2 helmet of the Barnacle (worn) {Stlth+}
   (You found it on level 11 of the Dungeon)

   Stlth+:    It makes you more stealthy.
 X - the +2 pair of gloves of the Big Bang (worn) {^Contam Will+++ Dex+3}
   (You acquired it on level 2 of the Shoals)

   Dex+3:     It affects your dexterity (+3).
   Will+++:   It greatly increases your willpower.
   ^Contam:   It causes magical contamination when unequipped.
Jewellery
 d - the ring "Avocw" {Will+ rCorr Int+5}
   (You found it on level 4 of a ziggurat)

   [ring of resist corrosion]

   Int+5:     It affects your intelligence (+5).
   Will+:     It increases your willpower.
   rCorr:     It protects you from acid and corrosion.
 h - a ring of flight
 u - the ring "Agrevou" (left hand) {rElec Str+5 Int+3 Dex-2 Slay+4}
   (You took it off a naga on level 4 of the Snake Pit)

   [ring of slaying]

   Str+5:     It affects your strength (+5).
   Int+3:     It affects your intelligence (+3).
   Dex-2:     It affects your dexterity (-2).
   Slay+4:    It affects your accuracy & damage with ranged weapons and melee
   (+4).
   rElec:     It insulates you from electricity.
 x - an amulet of regeneration (around neck)
 Q - the ring of Owicohir (right hand) {rF+ Slay+3}
   (You found it on level 4 of the Shoals)

   [ring of protection from fire]

   Slay+3:    It affects your accuracy & damage with ranged weapons and melee
   (+3).
   rF+:       It protects you from fire.
Talismans
 M - the death talisman of the Devil's Team (active) {rElec rF- rC++ Int+3}
   (You found it on level 4 of the Vaults)

   [talisman of death]

   Int+3:     It affects your intelligence (+3).
   rF-:       It makes you vulnerable to fire.
   rC++:      It greatly protects you from cold.
   rElec:     It insulates you from electricity.
Wands
 i - a wand of flame (14)
 j - a wand of mindburst (10)
 I - a wand of roots (118)
 V - a wand of digging (3)
Scrolls
 k - 12 scrolls of immolation
 l - 15 scrolls of amnesia
 n - 2 scrolls of teleportation
 p - 6 scrolls of fear
 r - 19 scrolls of enchant weapon
 w - 9 scrolls of revelation
 y - 6 scrolls of blinking
 A - 5 scrolls of fog
 G - 10 scrolls of enchant armour
 H - 6 scrolls of silence
 J - 7 scrolls of vulnerability
 P - 6 scrolls of torment
 Y - 9 scrolls of brand weapon
Potions
 c - 7 potions of ambrosia
 e - 6 potions of mutation
 f - 12 potions of lignification
 g - 10 potions of brilliance
 o - 11 potions of attraction
 s - 18 potions of might
 t - a potion of berserk rage
 v - 3 potions of haste
 z - 9 potions of cancellation
 B - 8 potions of magic
 C - 20 potions of heal wounds
 D - 6 potions of resistance
 L - 30 potions of curing
 R - 3 potions of invisibility
 U - 7 potions of enlightenment
Miscellaneous
 K - a figurine of a ziggurat


   Skills:
 - Level 20.0 Fighting
 - Level 3.0 Long Blades
 - Level 20.0 Ranged Weapons
 - Level 20.0 Armour
 - Level 20.0 Dodging
 - Level 20.0 Stealth
 - Level 15.0 Spellcasting
 - Level 25.2 Hexes
 + Level 17.4 Summonings
 - Level 7.0 Necromancy
 - Level 24.7 Translocations
 + Level 16.1 Earth Magic
 - Level 10.0 Invocations
 - Level 23.0 Shapeshifting


You had one spell level left.
You knew the following spells:

 Your Spells              Type           Power      Damage    Failure   Level
a - Dimensional Bullseye  Hex/Tloc       32%        N/A       0%          4
b - Dispersal             Tloc           32%        N/A       1%          6
c - Enfeeble              Hex            33%        N/A       1%          7
d - Disjunction           Tloc           32%        N/A       3%          8
e - Fugue of the Fallen   Necr           27%        N/A       1%          3
f - Yara's Violent Unrav  Hex/Alch       21%        3d10      1%          5
g - Discord               Hex            33%        N/A       2%          8
h - Malign Gateway        Summ/Tloc      29%        N/A       1%          7
i - Borgnjor's Vile Clut  Necr/Erth      19%        N/A       3%          5
B - Blink                 Tloc           100%       N/A       0%          2

Your spell library contained the following spells:

 Spells                   Type           Power      Damage    Failure   Level
 Apportation              Tloc           100%       N/A       0%          1
 Sandblast                Erth           100%       2d20      0%          1
 Slow                     Hex            100%       N/A       0%          1
 Summon Small Mammal      Summ           100%       N/A       0%          1
 Necrotise                Necr           100%       1d9       1%          1
 Kiss of Death            Conj/Necr      72%        2d10      3%          1
 Foxfire                  Conj/Fire      36%        2x1d5     12%         1
 Freeze                   Ice            36%        1d5       12%         1
 Magic Dart               Conj           36%        1d4       12%         1
 Sting                    Conj/Alch      36%        1d5       12%         1
 Call Imp                 Summ           100%       N/A       0%          2
 Jinxbite                 Hex            100%       N/A       0%          2
 Lesser Beckoning         Tloc           100%       N/A       0%          2
 Confusing Touch          Hex            66%        N/A       0%          3
 Gell's Gravitas          Tloc           65%        N/A       0%          3
 Sigil of Binding         Hex            66%        N/A       0%          3
 Summon Guardian Golem    Hex/Summ       60%        N/A       0%          3
 Teleport Other           Tloc           65%        N/A       0%          3
 Tukima's Dance           Hex            66%        N/A       0%          3
 Cause Fear               Hex            33%        N/A       0%          4
 Manifold Assault         Tloc           65%        N/A       0%          4
 Passage of Golubria      Tloc           65%        N/A       0%          4
 Ensorcelled Hibernation  Hex/Ice        84%        N/A       1%          2
 Momentum Strike          Conj/Tloc      82%        3d10      1%          2
 Passwall                 Alch/Erth      25%        N/A       1%          2
 Sublimation of Blood     Necr           27%        N/A       1%          2
 Call Canine Familiar     Summ           53%        N/A       1%          3
 Dazzling Flash           Conj/Hex       84%        N/A       1%          3
 Inner Flame              Hex/Fire       42%        N/A       1%          3
 Stone Arrow              Conj/Erth      60%        3d10      1%          3
 Vampiric Draining        Necr           27%        2d7       1%          3
 Volatile Blastmotes      Fire/Tloc      82%        2d16      1%          3
 Anguish                  Hex/Necr       25%        N/A       1%          4
 Animate Armour           Summ/Erth      100%       N/A       1%          4
 Iskenderun's Mystic Bla  Conj/Tloc      41%        2d9       1%          4
 Vhi's Electric Charge    Tloc/Air       82%        N/A       1%          4
 Lee's Rapid Deconstruct  Erth           25%        3d14*     1%          5
 Metabolic Englaciation   Hex/Ice        21%        N/A       1%          5
 Silence                  Hex/Air        21%        N/A       1%          5
 Summon Forest            Summ/Tloc      29%        N/A       1%          5
 Summon Mana Viper        Hex/Summ       60%        N/A       1%          5
 Summon Cactus Giant      Summ           26%        N/A       1%          6
 Summon Ice Beast         Ice/Summ       32%        N/A       3%          4
 Summon Lightning Spire   Summ/Air       32%        N/A       3%          4
 Brom's Barrelling Bould  Conj/Erth      30%        2d5       4%          4
 Leda's Liquefaction      Alch/Erth      15%        N/A       4%          4
 Petrify                  Alch/Erth      30%        N/A       4%          4
 Animate Dead             Necr           27%        N/A       7%          4
 Dispel Undead            Necr           27%        3d13      7%          4
 Cigotuvi's Dreadful Rot  Necr/Alch/Air  30%        N/A       8%          2
 Summon Hydra             Summ           26%        N/A       9%          7
 Mercury Vapours          Alch/Air       18%        N/A       19%         2
 Scorch                   Fire           18%        2d5       19%         2
 Searing Ray              Conj           18%        2d5       19%         2
 Static Discharge         Conj/Air       18%        3-4/arc   19%         2
 Agony                    Necr           27%        N/A       19%         5
 Frozen Ramparts          Ice            18%        1d3       36%         3
 Hailstorm                Conj/Ice       9%         3d6       36%         3
 Mephitic Cloud           Conj/Alch/Air  9%         N/A       36%         3
 Ozocubu's Armour         Ice            9%         N/A       36%         3
 Swiftness                Air            9%         N/A       36%         3
 Summon Horrible Things   Summ           26%        N/A       54%         8
 Bombard                  Conj/Erth      15%        9d3       56%         6
 Haunt                    Necr/Summ      20%        N/A       56%         7
 Death Channel            Necr           13%        N/A       71%         6
 Airstrike                Air            4%         2d(1-17)  77%         4
 Flame Wave               Conj/Fire      9%         2d6       77%         4
 Fulminant Prism          Conj/Alch      4%         3d5       77%         4
 Ignite Poison            Fire/Alch      9%         N/A       77%         4
 Olgreb's Toxic Radiance  Alch           9%         N/A       77%         4
 Sticky Flame             Fire/Alch      9%         2d5       77%         4
 Spellforged Servitor     Conj/Summ      16%        N/A       96%         7
 Alistair's Intoxication  Alch           6%         N/A       98%         5
 Arcjolt                  Conj/Air       4%         1d14      98%         5
 Fireball                 Conj/Fire      4%         3d4       98%         5
 Freezing Cloud           Conj/Ice/Air   4%         6-21      98%         5
 Irradiate                Conj/Alch      4%         3d13      98%         5
 Iskenderun's Battlesphe  Conj           9%         2d6       98%         5
 Simulacrum               Ice/Necr       9%         N/A       99%         6
 Conjure Ball Lightning   Conj/Air       4%         3x3d6     100%        6
 Eringya's Noxious Bog    Alch           4%         4d6       100%        6
 Plasma Beam              Fire/Air       4%         2x1d14    100%        6
 Starburst                Conj/Fire      4%         6d4       100%        6
 Orb of Destruction       Conj           4%         9d5       100%        7
 Ozocubu's Refrigeration  Ice            4%         4d8       100%        7
 Borgnjor's Revivificati  Necr           13%        N/A       100%        8
 Ignition                 Fire           4%         3d4       100%        8
 Infestation              Necr           13%        N/A       100%        8
 Lehudib's Crystal Spear  Conj/Erth      15%        10d5      100%        8
 Maxwell's Capacitive Co  Air            4%         ∞         100%        8
 Chain Lightning          Conj/Air       4%         3d6       100%        9
 Death's Door             Necr           13%        N/A       100%        9
 Dragon's Call            Summ           26%        N/A       100%        9
 Fire Storm               Conj/Fire      4%         8d1       100%        9
 Shatter                  Erth           25%        3d22*     100%        9


Dungeon Overview and Level Annotations

Branches:
Dungeon (15/15)            Temple (1/1) D:5            Lair (5/5) D:11
 Shoals (4/4) Lair:2        Snake (4/4) Lair:2        Slime (5/5) Lair:4
    Orc (2/2) D:11            Elf (3/3) Orc:2        Vaults (5/5) D:14
  Crypt (3/3) Vaults:2       Tomb (3/3) Crypt:3      Depths (4/4) D:15
   Hell (visited)             Dis (7/7) Hell            Geh (7/7) Hell
    Coc (7/7) Hell            Tar (7/7) Hell            Zot (5/5) Depths:4
  Sewer (visited)           IceCv (visited)          WizLab (visited)
Gauntlet (visited)

Altars:
Ashenzari
Cheibriados
Dithmenos
Fedhas
Gozag
Hepliaklqana
Kikubaaqudgha
Makhleb
Nemelex Xobeh
Okawaru
Qazlal
Ru
Sif Muna
Trog
Uskayaw
Vehumet
Wu Jian
Xom
Yredelemnul
Jiyva

Shops:
D:1 (   D:5 !   D:10 :   D:14 :   Orc:1 [   Orc:2 ([*:   Elf:1 =   Elf:2 (
Shoals:4 (   Snake:1 :   Vaults:5 =!   Depths:3 *

Portals:
Hell: Depths:1 Depths:2 Depths:3 Depths:4
Abyss: Depths:3
Pandemonium: Depths:2

Annotations:
D:1 1 transporter
D:4 1 runed translucent door, Crazy Yiuf
Shoals:4 2 transporters
Elf:2 3 runed translucent doors
Zot:3 2 transporters, Coluruets's ghost, legendary HuBe


Innate Abilities, Weirdness & Mutations

You are an undying horror.
Your melee and unarmed attacks drain, slow and weaken victims.
You are immune to unholy pain and torment.
You cannot drink.
You are immune to poison.
You are completely covered in large bone plates. (SH +8)
A meltable icy envelope protects you from harm. (AC +8)
You are powered by pain.
You are extremely robust. (+30% HP)
A meltable shield of frost defends you. (SH +4)
You have a sharp stinger which inflicts weakening toxins.
Your muscles are strong. (Str +4, Int/Dex -1)


Message History

An Ice Fiend comes into view.
The Ice Fiend gestures at you. The bolt of cold misses you.
You shoot an arrow. The arrow barely misses the Ice Fiend.
Your shadow shoots an arrow.
The arrow hits the Ice Fiend.
You shoot an arrow. The arrow hits the Ice Fiend!
The Ice Fiend is lightly wounded.
You shoot an arrow. The arrow hits the Ice Fiend!!
The Ice Fiend is moderately wounded.
Your shadow shoots an arrow.
The arrow hits the Ice Fiend!
You shoot an arrow.
The arrow hits the Ice Fiend but does no damage.
The Ice Fiend is heavily wounded.
You shoot an arrow. The arrow barely misses the Ice Fiend.
You shoot an arrow. The arrow hits the Ice Fiend!!
The Ice Fiend is severely wounded.
You shoot an arrow. The arrow hits the Ice Fiend.
The Ice Fiend is severely wounded.
You shoot an arrow. The arrow hits the Ice Fiend!!!
You kill the Ice Fiend!
Dithmenos accepts your kill.
Your shadow shoots an arrow.
You feel your intelligence returning.
No target in view!
There is a stone staircase leading up here.
You climb upwards.
Level annotation: 1 transporter
There is a stone staircase leading down here.
You see here a +0 dagger.
A toenail golem comes into view.
You shoot an arrow. The arrow hits the toenail golem!
The toenail golem is moderately damaged.
Your shadow shoots an arrow.
The arrow hits the toenail golem!
You shoot an arrow. The arrow hits the toenail golem!!!
You destroy the toenail golem!
Dithmenos accepts your kill.
No target in view!
No target in view!
There is a staircase leading out of the dungeon here.
You have escaped!

# #.# #..###.[.........# #. ###.#
##....#....#.....# #. ....#####
#....##.[.......# #. ###..)..#
#....##.........# ## .)......#
#...©##.........# # #.......#####
##########......# # #...#####...#
#.#########.##### # #(..#
#...####.#©##.....# ### #####
#...##..#z###.....# #.# ######
#...##.#.#.##.....# #.#
.....####...##..#.#.#.....# #..
##...........##...........# #.#
##..............############# #..
.........#....##...#####....#######
.........#.(..##...+.........)....#
..#.†#####....##...#####.#...##....
..+....###....##...# #(#......#.#


There were no monsters in sight!

Vanquished Creatures
  Antaeus (Coc:7)
  Asmodeus (Geh:7)
  the Royal Jelly (Slime:5)
  the Serpent of Hell (Tar:7)
  Gloorx Vloq (Pan)
  Ereshkigal (Tar:7)
  A seraph (Pan)
  Mnoleg (Pan)
  Lom Lobon (Pan)
  12 dread liches
  12 ancient liches
  Dispater (Dis:7)
  8 orbs of fire
  3 juggernauts
  Sojobo (Depths:2)
  Xtahua (Vaults:2)
  Boris (thrice) (Depths:3 Depths:4 Tomb:3)
  30 royal mummies
  Bai Suzhen (Vaults:2)
  Vashnia (Snake:2)
  15 shard shrikes
  8 Killer Klowns
  Saint Roka (Crypt:2)
  26 caustic shrikes
  The ghost of TuffENuff the End of an Era, a veteran FoFi of Qazlal (Vaults:2)
  Geryon (Hell)
  2 curse toes
  10 golden dragons
  Nikola (Shoals:2)
  6 profane servitors
  26 bone dragons
  A spectral shard shrike (Tar:4)
  7 electric golems
  19 Tzitzimimeh
  16 Brimstone Fiends
  5 doom hounds
  7 iron giants
  13 hellephants
  28 Ice Fiends
  27 tentacled monstrosities
  Zenata (Crypt:2)
  6 pandemonium lords
  Rupert (Orc:2)
  A shard shrike skeleton (Crypt:1)
  20 Hell Sentinels
  Jorgrun (Snake:2)
  17 tainted leviathans
  28 Orb Guardians
  Asterion (Snake:1)
  11 liches
  2 deep elf master archers (Elf:3)
  12 sphinxes
  6 walking frostbound tomes (Depths:3)
  23 titans
  A deep elf blademaster (Elf:3)
  6 quicksilver dragons
  A kraken (Shoals:1)
  23 ancient champions
  25 searing wretches
  14 acid blobs
  Polyphemus (Shoals:4)
  Frances (D:14)
  13 death cobs
  6 tentacled starspawn
  Agnes (D:14)
  16 Executioners (Pan)
  Donald (Snake:2)
  26 storm dragons
  14 tengu reavers
  7 shadow dragons
  16 frost giants
  4 demonspawn warmongers (Pan)
  12 azure jellies
  Aizul (Snake:1)
  6 revenants
  8 draconian monks
  6 rockslimes
  27 narguns
  6 protean progenitors
  23 daevas
  9 draconian knights
  Roxanne (Elf:2)
  12 quicksilver elementals
  29 fire giants
  7 deep elf sorcerers
  7 draconian scorchers
  10 nagarajas
  5 draconian shifters
  2 juggernaut zombies
  2 iron dragons (Depths:3)
  A spectral caustic shrike (Tar:3)
  20 vault wardens
  18 angels (Pan)
  5 deep elf elementalists
  48 balrugs
  5 shard shrike simulacra
  2 draconian stormcallers (Zot:3)
  3 curse skulls
  A caustic shrike zombie (Tar:7)
  16 ironbound preservers
  10 reapers
  3 ghost moths
  13 cacodemons (Pan)
  42 very ugly things
  A spriggan defender (Depths:3)
  7 draconian annihilators
  17 ghouls
  9 quicksilver oozes
  A broodmother (shapeshifter) (Vaults:4)
  4 orc warlords
  9 vampire knights
  A formless jellyfish (Vaults:4)
  33 war gargoyles
  9 demonspawn corrupters
  7 ironbound thunderhulks
  5 demonspawn blood saints (Pan)
  39 elemental wellsprings
  6 green draconians
  5 demonspawn black suns
  A juggernaut skeleton (Pan)
  13 putrid mouths
  19 apis (Pan)
  8 deep elf death magi
  13 ophanim (Pan)
  25 stone giants
  An eleionoma (Zig:6)
  13 deep elf annihilators
  23 wendigos
  12 lorocyprocas
  A bunyip (Zig:4)
  8 dire elephants
  9 red draconians
  7 deep elf demonologists
  8 spark wasps
  The ghost of Sacsyrch the Brawler, a journeyman DrMo of Yredelemnul (D:15)
  11 black draconians
  4 bennus
  A spectral titan (Tar:5)
  A minotaur (Gauntlet)
  8 purple draconians
  13 white draconians
  11 yellow draconians
  26 mummy priests
  Snorg (D:14)
  An entropy weaver (shapeshifter) (Elf:1)
  12 eidola
  7 iron golems
  3 merfolk javelineers
  6 crystal guardians
  Josephine (D:12)
  14 blizzard demons
  14 ettins
  12 fire dragons
  8 deep elf high priests
  13 green deaths
  3 spriggan zombies
  An entropy weaver (Vaults:1)
  2 fenstrider witch zombies
  2 quicksilver dragon zombies
  2 jiangshi (Crypt:1)
  6 spectral spriggans
  5 merfolk impalers
  18 yaktaur captains
  A quicksilver dragon skeleton (Tar:7)
  Fannar (D:11)
  10 rakshasas
  3 catoblepae
  7 ice dragons
  28 vault guards
  A spectral shadow dragon (Tar:1)
  5 caustic shrike simulacra
  5 peacekeepers
  12 salamander tyrants
  4 hydras
  15 great orbs of eyes
  5 spriggan air magi
  6 merfolk avatars
  An alligator (Zig:6)
  9 anacondas
  22 centaur warriors
  A ghost crab (Zig:6)
  7 juggernaut simulacra
  A satyr (Shoals:4)
  5 hell beasts
  Erica (Orc:1)
  6 ogre magi
  6 spriggan skeletons
  9 ironbound frosthearts
  2 alligator snapping turtles (Shoals:3)
  25 dancing weapons
  7 merfolk aquamancers
  10 stokers
  3 tengu warriors
  75 death scarabs
  7 deep troll earth magi (Depths:2)
  A death knight (Crypt:1)
  An Orb Guardian skeleton (Crypt:2)
  5 boulder beetles
  3 vampire magi
  8 demonic crawlers (Pan)
  2 titan zombies
  10 two-headed ogres
  12 deep troll shamans
  11 naga warriors
  4 thrashing horrors (Abyss:3)
  A spectral storm dragon (Tar:1)
  2 spriggan berserkers
  5 death yaks
  11 shock serpents
  2 spectral dire elephants
  2 occultists (Pan)
  18 hell knights
  17 hell hogs
  7 orc high priests
  15 soul eaters
  A titan skeleton (Hell)
  90 sun demons
  A shock serpent (shapeshifter) (Vaults:5)
  13 naga sharpshooters
  13 deep elf knights
  Urug (D:10)
  A storm dragon zombie (Depths:3)
  Sonja (Lair:3)
  8 crystal echidnas (Dis:7)
  4 skysharks
  3 wretched stars
  29 shadow wraiths
  A spectral death yak (Gauntlet)
  14 cherubim (Pan)
  A spectral bunyip (Tar:1)
  4 salamander mystics
  26 skeletal warriors
  A storm dragon skeleton (Vaults:4)
  A death drake (Depths:2)
  A sea snake (shapeshifter) (Vaults:5)
  24 sixfirhies
  An iron giant zombie (Tar:7)
  18 sea snakes
  2 spectral anacondas
  3 goliath frogs
  12 shadow demons
  6 quicksilver dragon simulacra
  15 deep elf archers
  A swamp dragon (Zig:6)
  2 orb spiders (shapeshifter)
  A bog body (Crypt:2)
  24 iron trolls
  A death drake (shapeshifter) (Vaults:3)
  62 deep trolls
  A sun moth (shapeshifter) (Elf:1)
  5 naga ritualists
  An obsidian statue (Lair:5)
  8 glowing orange brains
  13 lindwurms
  A golden dragon skeleton (Depths:3)
  2 steelbarb worms (shapeshifter)
  4 flayed ghosts
  5 spriggan simulacra
  13 phantasmal warriors
  37 large abominations
  23 necromancers
  17 ironbound convokers
  29 harpies
  32 deep elf zephyrmancers
  22 orc knights
  2 alligator zombies (Hell)
  3 anaconda skeletons
  6 arcanists
  An iron dragon zombie (Tar:7)
  26 deep elf pyromancers
  4 shining eyes (shapeshifter)
  10 mana vipers
  A wolf spider (D:13)
  A fire giant zombie (Depths:1)
  A cyclops (shapeshifter) (Vaults:4)
  3 frost giant zombies (Depths:1)
  27 moths of wrath
  An oklob plant (Lair:1)
  9 orc sorcerers
  2 worldbinders
  2 spectral ettins
  21 fauns
  A tengu skeleton (Depths:1)
  3 shining eyes (Slime:5)
  An iron dragon skeleton (Tomb:3)
  11 manticores
  3 dire elephant zombies
  2 spectral alligator snapping turtles
  6 cyclopes
  44 ugly things
  2 spectral centaurs
  2 water nymphs (shapeshifter)
  8 elephants
  19 salamanders
  42 black mambas
  3 kobold blastminers
  9 merfolk sirens
  11 guardian serpents
  7 rust devils
  A toenail golem (D:1)
  A shock serpent skeleton (Crypt:1)
  4 ice statues
  21 orange demons
  3 stone giant skeletons
  6 water nymphs
  3 titan simulacra
  4 human skeletons
  23 naga magi
  49 smoke demons
  An alligator snapping turtle zombie (Crypt:1)
  2 eyes of devastation
  5 centaur skeletons
  12 vault sentinels
  An eye of devastation (shapeshifter) (Elf:1)
  12 gargoyles
  2 dire elephant skeletons (Pan)
  A frost giant skeleton (Depths:1)
  A storm dragon simulacrum (Coc:1)
  9 cane toads
  3 kobold demonologists (D:13)
  3 rime drakes
  An unseen horror (D:12)
  3 molten gargoyles (WizLab)
  4 sea snake zombies
  16 hellions
  5 komodo dragons
  48 yaktaurs
  An iron giant simulacrum (Coc:3)
  13 efreet
  45 guardian mummies
  20 freezing wraiths
  A catoblepas skeleton (Crypt:1)
  23 tormentors
  5 anaconda simulacra
  A bunyip simulacrum (Coc:2)
  A golden dragon simulacrum (Coc:5)
  7 ice devils
  A purple draconian skeleton (Crypt:1)
  18 spectral harpies
  A spark wasp simulacrum (Depths:1)
  5 tengu conjurers
  3 spectral nagas
  3 polar bears
  33 merfolk
  3 ancient zymes (Abyss:3)
  A troll (shapeshifter) (D:12)
  6 meliai
  4 red devils
  3 silent spectres
  A polar bear (shapeshifter) (Elf:1)
  4 tyrant leeches
  4 harpy zombies
  A merfolk (shapeshifter) (Depths:3)
  A meliai (shapeshifter) (Elf:1)
  A wind drake (shapeshifter) (Vaults:4)
  A bloated husk (Zig:4)
  5 wind drakes
  Prince Ribbit (Lair:1)
  A hornet (Zig:6)
  2 hornets (shapeshifter) (Elf:1)
  29 hellwings
  17 dream sheep
  A sun moth zombie (Crypt:2)
  3 harpy skeletons
  2 hydra skeletons (Hell)
  11 trolls
  A snapping turtle (shapeshifter) (Vaults:4)
  6 raiju
  4 glass eyes
  14 blink frogs
  9 snapping turtles
  2 fire dragon zombies (Crypt:3)
  A human simulacrum (Vaults:4)
  2 ettin zombies
  3 stone giant simulacra
  A meliai zombie (Crypt:2)
  A spectral swamp dragon (Tar:1)
  A centaur simulacrum (Coc:2)
  A culicivora (shapeshifter) (D:14)
  A jumping spider (shapeshifter) (Elf:1)
  2 shadows
  An ice dragon skeleton (Tomb:2)
  36 laughing skulls
  A spriggan (shapeshifter) (Elf:1)
  9 small abominations
  18 ushabtiu
  60 slime creatures
  4 air elementals
  9 wraiths
  A fire dragon skeleton (Tomb:1)
  A merfolk skeleton (Tomb:2)
  23 ynoxinuls
  5 naga simulacra
  A wyvern (shapeshifter) (Elf:1)
  14 dire elephant simulacra
  17 water elementals
  4 fire elementals
  57 yaks
  3 basilisks
  4 wyverns
  9 wargs
  2 steam dragons
  17 chaos spawn
  A minotaur simulacrum (IceCv)
  9 vampire mosquitoes
  22 neqoxecs
  A yaktaur simulacrum (Vaults:3)
  15 harpy simulacra
  2 glowing shapeshifter zombies (Depths:1)
  An acid dragon (D:8)
  3 redbacks
  A fire bat zombie (Crypt:2)
  2 swamp worms (shapeshifter) (Vaults:5)
  2 naga skeletons
  3 hydra simulacra
  A naga zombie (Tar:7)
  47 nagas
  8 water moccasins
  A cane toad zombie (Crypt:2)
  3 swamp worms (Zot:4)
  A swamp drake (shapeshifter) (D:13)
  51 orc warriors
  3 ice beasts
  A lindwurm zombie (Crypt:2)
  4 black bears
  2 sky beasts (D:7)
  3 boggarts
  A tengu (shapeshifter) (Elf:2)
  24 ogres
  5 ettin simulacra
  A snapping turtle skeleton (Crypt:1)
  23 wolves
  10 centaurs
  A rime drake skeleton (Crypt:2)
  4 kobold brigands
  2 brain worms
  17 bullfrogs
  4 necrophages (Crypt:3)
  5 earth elementals
  3 gnoll sergeants
  4 deep troll simulacra (IceCv)
  7 scorpions
  25 wights
  2 elephant simulacra (Lair:5)
  18 killer bees
  A raiju zombie (Crypt:2)
  7 howler monkeys
  6 electric eels
  3 lava snakes (Lair:2)
  A quasit (Abyss:2)
  An iron imp (D:5)
  3 human zombies (Crypt:1)
  5 jellies
  A hound (D:4)
  20 orc priests
  4 iguanas
  3 sleepcaps
  17 starcursed masses (Abyss:3)
  32 orc wizards
  Natasha (twice) (D:2)
  4 hell rats
  7 lightning spires
  An ogre skeleton (Crypt:1)
  53 mummies
  A gnoll (D:1)
  7 river rats
  9 adders
  A shadow imp (D:6)
  3 white imps
  2 ufetubi
  2 worms
  A dart slug (D:1)
  98 orcs
  12 ball pythons
  5 bats
  A bat skeleton (Crypt:2)
  12 endoplasms
  2 giant cockroaches
  10 goblins
  6 hobgoblins
  3 jackals (D:3)
  13 kobolds
  3 quokkas
  4 frilled lizards
  29 rats
  3 ball lightnings (Pan)
  11 creeping infernos
  36 fire vortices
  3 starspawn tentacles
  2 tentacles (Shoals:1)
4484 creatures vanquished.

Vanquished Creatures (collateral kills)
  13 caustic shrikes
  A Hell Sentinel (Dis:7)
  2 ancient champions
  A storm dragon (Zot:5)
  A draconian monk (Zot:5)
  A draconian knight (Zot:5)
  A draconian scorcher (Zot:5)
  A draconian stormcaller (Zot:5)
  A war gargoyle (Dis:3)
  4 crystal echidnas (Dis:7)
  2 moths of wrath (Zot:5)
28 creatures vanquished.

Vanquished Creatures (others)
  A shard shrike (Coc:7)
  3 caustic shrikes
  3 eldritch tentacles (Pan)
  2 Executioners (Pan)
  A demonspawn corrupter (Pan)
  A shard shrike simulacrum (Coc:4)
  A deep elf death mage (Zig:5)
  A juggernaut simulacrum (Coc:7)
  4 caustic shrike simulacra
  A stoker (Geh:6)
  A shock serpent (Zot:3)
  A shadow demon (Tar:1)
  2 quicksilver dragon simulacra
  A smoke demon (Pan)
  A titan simulacrum (Coc:2)
  2 iron giant simulacra
  An anaconda simulacrum (Coc:5)
  A spectral harpy (Geh:6)
  2 iron dragon simulacra
  A spriggan (Zig:6)
  A centaur simulacrum (Coc:1)
  A dire elephant simulacrum (Coc:7)
  A chaos spawn (Pan)
  7 harpy simulacra
  A hydra simulacrum (Coc:2)
  An ettin simulacrum (Coc:4)
  An orc wizard (D:13)
  An orc (Orc:2)
  A kobold (D:8)
  23 ball lightnings (Pan)
  2 creeping infernos
  A fire vortex (Geh:6)
  13 starspawn tentacles
  11 tentacles (Shoals:1)
96 creatures vanquished.

Grand Total: 4608 creatures vanquished

Notes
Turn   | Place    | Note
-------+----------+-------------------------------------------
     0 | D:1      | tape the Demonspawn Monk began the quest for the Orb.
     0 | D:1      | Reached XP level 1. HP: 18/18 MP: 1/1
   119 | D:1      | Gained mutation: A meltable shield of frost defends you.
                  | (SH +4) [demonic ancestry]
   119 | D:1      | Reached XP level 2. HP: 24/24 MP: 2/2
   184 | D:1      | Found Nehaho's Weapon Boutique.
   375 | D:1      | Reached skill level 1 in Armour
   402 | D:1      | Reached XP level 3. HP: 24/29 MP: 3/3
   691 | D:1      | Bought a +0 shortbow for 42 gold pieces
   738 | D:2      | Found a bloodstained altar of Trog.
  1072 | D:2      | Gained mutation: A meltable icy envelope protects you from
                  | harm. (AC +8) [demonic ancestry]
  1072 | D:2      | Reached XP level 4. HP: 35/35 MP: 4/4
  1076 | D:2      | Noticed Natasha
  1087 | D:2      | Killed Natasha
  1088 | D:2      | Reached skill level 1 in Ranged Weapons
  1461 | D:3      | Noticed an ogre
  1471 | D:3      | Killed an ogre
  1472 | D:3      | Reached XP level 5. HP: 21/42 MP: 5/5
  1658 | D:3      | Found a faded altar of an unknown god.
  2136 | D:4      | Found a runed translucent door.
  2137 | D:4      | Noticed Crazy Yiuf
  2174 | D:4      | Gained mutation: A meltable icy envelope protects you from
                  | harm. (AC +8) [demonic ancestry]
  2174 | D:4      | Reached XP level 6. HP: 46/48 MP: 6/6
  2625 | D:5      | Entered Level 5 of the Dungeon
  2647 | D:5      | Found a glowing drain.
  2665 | Sewer    | Entered a sewer
  2964 | Sewer    | Gained mutation: You are partially covered in large bone
                  | plates. (SH +4) [demonic ancestry]
  2964 | Sewer    | Reached XP level 7. HP: 39/55 MP: 7/7
  3002 | D:5      | Found Feammeb's Distillery.
  3013 | D:5      | Bought a potion of curing for 42 gold pieces
  3316 | D:5      | Reached skill level 5 in Fighting
  3558 | D:5      | Reached skill level 5 in Dodging
  3688 | D:5      | Gained mutation: You have a small tail. [demonic ancestry]
  3688 | D:5      | Reached XP level 8. HP: 52/62 MP: 8/8
  4004 | D:5      | Found a staircase to the Ecumenical Temple.
  4013 | Temple   | Entered the Ecumenical Temple
  4032 | Temple   | Became a worshipper of Dithmenos the Shadowed
  4032 | Temple   | Reached * piety under Dithmenos
  4032 | Temple   | Reached ** piety under Dithmenos
  4454 | D:6      | Reached skill level 5 in Ranged Weapons
  4454 | D:6      | Reached skill level 5 in Armour
  4927 | D:6      | Found a shimmering altar of Xom.
  5764 | D:7      | Gained mutation: You have a tail ending in a sharp stinger.
                  | [demonic ancestry]
  5764 | D:7      | Reached XP level 9. HP: 61/68 MP: 9/9
  6408 | D:7      | You are sucked into a shaft and drop 2 floors!
  6572 | D:8      | Noticed a tengu conjurer
  6771 | D:8      | HP: 2/61 [steam dragon/ball of steam (7)]
  7207 | D:7      | Found an iron altar of Okawaru.
  7207 | D:7      | Found a bloodstained altar of Trog.
  7212 | D:7      | Found a radiant altar of Vehumet.
  7217 | D:7      | Found a hide-covered altar of Uskayaw.
  7219 | D:7      | Found a faded altar of an unknown god.
  7440 | D:7      | Reached skill level 10 in Ranged Weapons
  7453 | D:7      | Reached *** piety under Dithmenos
  8070 | D:7      | Identified the +9 rapier of Conformity {heavy, rN+ Str+3
                  | Int+2}
  8345 | D:8      | Gained mutation: You are mostly covered in large bone
                  | plates. (SH +6) [demonic ancestry]
  8345 | D:8      | Reached XP level 10. HP: 72/72 MP: 10/10
  8577 | D:8      | Noticed a centaur warrior
  9012 | D:8      | Killed a centaur warrior
  9500 | D:8      | Identified a scroll of acquirement
  9502 | D:8      | Acquired 797 gold pieces
  9602 | D:2      | Noticed Natasha
  9604 | D:2      | Killed Natasha
  9645 | D:1      | Bought the +8 longbow "Zephyr" {speed, Dex+3 SInv} for 1078
                  | gold pieces
  9645 | D:1      | Found the +8 longbow "Zephyr" {speed, Dex+3 SInv}
 10407 | D:9      | Noticed a manticore
 10410 | D:9      | Noticed a green ugly thing
 10415 | D:9      | Noticed a centaur warrior
 10483 | D:9      | Killed a manticore
 10489 | D:9      | Killed a centaur warrior
 10541 | D:9      | Identified the staff of Gobaosho {*Slow rF+ rC+ Str+3 Necro
                  | Fire}
 10614 | D:9      | Reached **** piety under Dithmenos
 10615 | D:9      | Gained mutation: You are completely covered in large bone
                  | plates. (SH +8) [demonic ancestry]
 10615 | D:9      | Reached XP level 11. HP: 79/79 MP: 11/11
 10767 | D:10     | Entered Level 10 of the Dungeon
 10797 | D:10     | Noticed Urug
 10808 | D:10     | Killed Urug
 11176 | D:10     | Found Waacupuo's Self-Improvement Boutique.
 11332 | D:11     | Reached skill level 15 in Ranged Weapons
 11346 | D:11     | Found a staircase to the Lair.
 11372 | D:11     | Identified the +2 helmet of the Barnacle {Stlth+}
 11549 | D:11     | Noticed Fannar
 11567 | D:11     | Killed Fannar
 11676 | D:11     | Reached ***** piety under Dithmenos
 11710 | D:11     | Found a staircase to the Orcish Mines.
 11864 | D:11     | Noticed a white ugly thing
 11869 | D:11     | Killed a white ugly thing
 12199 | Lair:1   | Entered Level 1 of the Lair of Beasts
 12213 | Lair:1   | Gained mutation: You have a sharp stinger which inflicts
                  | weakening toxins. [demonic ancestry]
 12213 | Lair:1   | Reached XP level 12. HP: 86/86 MP: 12/12
 12474 | Lair:1   | Noticed Prince Ribbit
 12483 | Lair:1   | Killed Prince Ribbit
 13002 | Lair:2   | Got the Compendium of Bolts and the Faeries
 13113 | Lair:2   | Noticed a catoblepas
 13123 | Lair:2   | Killed a catoblepas
 13222 | Lair:2   | Noticed a catoblepas
 13228 | Lair:2   | Killed a catoblepas
 13323 | Lair:2   | Found a staircase to the Shoals.
 13470 | Lair:2   | Found a staircase to the Snake Pit.
 13474 | Lair:2   | Reached XP level 13. HP: 91/91 MP: 13/13
 14425 | Lair:3   | Noticed Sonja
 14429 | Lair:3   | Killed Sonja
 14645 | Lair:4   | Found a gate leading to a gauntlet.
 14660 | Gauntlet | Entered a Gauntlet
 14660 | Gauntlet | Found a transporter.
 14660 | Gauntlet | Found a runed translucent door.
 14660 | Gauntlet | Found a runed translucent door.
 14667 | Gauntlet | Found a transporter.
 14669 | Gauntlet | Found a transporter.
 14679 | Gauntlet | Found a transporter.
 14682 | Gauntlet | Found a transporter.
 14690 | Gauntlet | Noticed a green death
 14700 | Gauntlet | Found a transporter.
 14707 | Gauntlet | Found a transporter.
 14718 | Gauntlet | Found a transporter.
 14721 | Gauntlet | Noticed a blizzard demon
 14729 | Gauntlet | Found a transporter.
 14729 | Gauntlet | Noticed a green death
 14741 | Gauntlet | Found a transporter.
 14741 | Gauntlet | Found a transporter.
 14768 | Gauntlet | Found a transporter.
 14770 | Gauntlet | Found a transporter.
 14822 | Gauntlet | Found a transporter.
 15029 | Gauntlet | Identified the ring of Enidek {rN+ Will+ Str-4 Int+4}
 15143 | Gauntlet | Identified the amulet of the Echidna {Reflect +Inv rF-
                  | Str+5 SH+5}
 15143 | Gauntlet | Noticed a minotaur
 15153 | Gauntlet | Killed a minotaur
 15173 | Gauntlet | Got Sif Muna's Elucidation of Position
 15559 | Lair:4   | Reached ****** piety under Dithmenos
 15664 | Lair:4   | Found a viscous altar of Jiyva.
 15665 | Lair:4   | Found a staircase to the Slime Pits.
 16185 | Lair:5   | Entered Level 5 of the Lair of Beasts
 16201 | Lair:5   | Reached skill level 1 in Invocations
 16539 | Lair:5   | Noticed a dire elephant
 16539 | Lair:5   | Noticed a dire elephant
 16539 | Lair:5   | Noticed a dire elephant
 16542 | Lair:5   | Noticed a dire elephant
 16644 | Lair:5   | Gained mutation: You sometimes gain a little power by
                  | taking damage. [demonic ancestry]
 16644 | Lair:5   | Reached XP level 14. HP: 99/99 MP: 14/16
 16793 | Lair:5   | Found a burning altar of Makhleb.
 17079 | Lair:5   | Identified the +1 leather armour "Azemud" {rPois Str+3}
 17290 | Lair:5   | Reached skill level 5 in Invocations
 17537 | Orc:1    | Entered Level 1 of the Orcish Mines
 17537 | Orc:1    | Noticed Erica
 17541 | Orc:1    | Killed Erica
 17722 | Orc:1    | Found a radiant altar of Vehumet.
 17932 | Orc:2    | Entered Level 2 of the Orcish Mines
 18003 | Orc:2    | Found Niqew's Antique Weapon Shoppe.
 18273 | Orc:2    | Noticed an orc warlord
 18290 | Orc:2    | Killed an orc warlord
 18422 | Orc:2    | Noticed an orc warlord
 18434 | Orc:2    | Killed an orc warlord
 18672 | Orc:2    | Found a staircase to the Elven Halls.
 18711 | Orc:2    | Noticed Rupert
 18799 | Orc:2    | Killed Rupert
 18830 | Orc:2    | Found Vid Hups's Antique Armour Emporium.
 18917 | Orc:2    | Found Abast's General Store.
 18940 | Orc:2    | Bought a scroll of identify for 34 gold pieces
 18987 | Orc:2    | Found Ciarphad's Book Shoppe.
 19138 | Orc:2    | Reached XP level 15. HP: 111/111 MP: 19/21
 19313 | Orc:1    | Found Buplin's Antique Armour Shoppe.
 19911 | D:12     | Noticed Josephine
 19919 | D:12     | Killed Josephine
 20771 | D:13     | Found a burning altar of Makhleb.
 21621 | D:13     | Reached skill level 10 in Invocations
 22200 | D:14     | Noticed Agnes
 22207 | D:14     | Killed Agnes
 22283 | D:14     | Found Vaovvyok's Book Emporium.
 22346 | D:14     | Reached skill level 10 in Fighting
 22432 | D:14     | Identified the +1 robe of Brilliance {Regen+ Int+2 Dex-3}
 22662 | D:14     | Found a gate to the Vaults.
 22742 | D:14     | Noticed Snorg
 22749 | D:14     | Killed Snorg
 22784 | D:14     | Noticed Frances
 22799 | D:14     | Killed Frances
 23024 | D:15     | Entered Level 15 of the Dungeon
 23086 | D:15     | Reached skill level 10 in Armour
 23086 | D:15     | Reached skill level 10 in Dodging
 23116 | D:15     | Gained mutation: You sometimes gain power by taking damage.
                  | [demonic ancestry]
 23116 | D:15     | Reached XP level 16. HP: 122/122 MP: 23/23
 23270 | D:15     | Found a portal to a secret trove of treasure.
 23386 | D:15     | Noticed Sacsyrch's ghost (journeyman DrMo)
 23580 | D:15     | Found a staircase to the Depths.
 23611 | D:15     | Found a runed translucent door.
 23710 | D:15     | Killed Sacsyrch's ghost
 23894 | Shoals:1 | Entered Level 1 of the Shoals
 24101 | Shoals:1 | Reached skill level 1 in Stealth
 24519 | Shoals:1 | Noticed a kraken
 24570 | Shoals:1 | Killed a kraken
 24874 | Shoals:2 | Reached skill level 5 in Stealth
 24995 | Shoals:2 | Identified the serpent talisman of Kexkong {rF+ rN+ Str+3}
 25056 | Shoals:2 | Acquired the +2 pair of gloves of the Big Bang {^Contam
                  | Will+++ Dex+3}
 25141 | Shoals:2 | Noticed Nikola
 25156 | Shoals:2 | Killed Nikola
 25507 | Shoals:3 | Gained mutation: You are robust. (+10% HP) [demonic
                  | ancestry]
 25507 | Shoals:3 | Reached XP level 17. HP: 122/140 MP: 24/24
 26192 | Shoals:4 | Entered Level 4 of the Shoals
 26243 | Shoals:4 | Found a transporter.
 26641 | Shoals:4 | Identified the ring of Owicohir {rF+ Slay+3}
 26841 | Shoals:4 | Found a transporter.
 26841 | Shoals:4 | Found Lijieriqu's Antique Weapon Boutique.
 27011 | Shoals:4 | Got a barnacled rune of Zot
 27145 | Shoals:4 | Noticed Polyphemus
 27155 | Shoals:4 | Killed Polyphemus
 27156 | Shoals:4 | Reached skill level 10 in Stealth
 27187 | Shoals:4 | Reached skill level 15 in Dodging
 27536 | Vaults:1 | Entered Level 1 of the Vaults
 27584 | Vaults:1 | Noticed a sphinx
 27591 | Vaults:1 | Killed a sphinx
 28127 | Vaults:1 | Gained mutation: You are powered by pain. [demonic
                  | ancestry]
 28127 | Vaults:1 | Reached XP level 18. HP: 145/149 MP: 25/25
 28283 | Vaults:1 | Got the Disquisition on Azure Chemistry
 28912 | Vaults:2 | Noticed Xtahua
 28957 | Vaults:2 | Killed Xtahua
 29261 | Vaults:2 | Found a runed translucent door.
 29263 | Vaults:2 | Noticed TuffENuff's ghost (veteran FoFi)
 29321 | Vaults:2 | Killed TuffENuff's ghost
 29438 | Vaults:2 | Noticed Bai Suzhen
 29456 | Vaults:2 | Killed Bai Suzhen
 29702 | Vaults:2 | Found a staircase to the Crypt.
 30407 | Vaults:2 | Identified the +6 hand axe of Callousness {spect, rF- rC++
                  | Will++}
 30686 | Vaults:3 | Reached XP level 19. HP: 162/166 MP: 26/26
 30812 | Vaults:3 | Gained mutation: You are very robust. (+20% HP) [demonic
                  | ancestry]
 30812 | Vaults:3 | Reached XP level 20. HP: 167/190 MP: 27/27
 31599 | Vaults:3 | Reached skill level 15 in Fighting
 31722 | Vaults:4 | Reached skill level 15 in Armour
 32156 | Vaults:4 | Identified the ring of Gein Fual {rPois rC- rN+ rCorr
                  | Str+4}
 32604 | Vaults:4 | Identified the death talisman of the Devil's Team {rElec
                  | rF- rC++ Int+3}
 32945 | Vaults:4 | Reached skill level 1 in Shapeshifting
 33050 | Vaults:4 | Reached XP level 21. HP: 201/201 MP: 28/28
 33051 | Vaults:4 | Gained mutation: You are extremely robust. (+30% HP)
                  | [demonic ancestry]
 33051 | Vaults:4 | Reached XP level 22. HP: 201/227 MP: 29/29
 33311 | Snake:1  | Entered Level 1 of the Snake Pit
 33442 | Snake:1  | Found Uxezyet's Self-Published Books.
 33446 | Snake:1  | Noticed Asterion
 33456 | Snake:1  | Killed Asterion
 33556 | Snake:1  | Identified the serpent talisman of the Tick {*Slow rElec
                  | rN+ Int+2}
 33556 | Snake:1  | Noticed Aizul
 33565 | Snake:1  | Killed Aizul
 33707 | Snake:1  | Reached XP level 23. HP: 235/235 MP: 30/30
 34090 | Snake:2  | Noticed Vashnia
 34123 | Snake:2  | Killed Vashnia
 34170 | Snake:2  | Noticed Donald
 34176 | Snake:2  | Killed Donald
 34490 | Snake:2  | Noticed Jorgrun
 34498 | Snake:2  | Killed Jorgrun
 34600 | Snake:3  | Reached skill level 10 in Shapeshifting
 34656 | Snake:3  | Acquired a manual of Invocations
 34878 | Snake:3  | Found a frozen archway.
 34901 | IceCv    | Entered an ice cave
 35184 | Snake:3  | Upgraded the game from 0.31-a0-1327-g8c40ea976f to
                  | 0.31-a0-1343-gcd514f47d3
 35457 | Snake:3  | Identified the +12 shortbow of the Three Beggars {freeze,
                  | Fly Int+5 Stlth-}
 35589 | Snake:4  | Entered Level 4 of the Snake Pit
 35764 | Snake:4  | Identified the ring "Agrevou" {rElec Str+5 Int+3 Dex-2
                  | Slay+4}
 36435 | Snake:4  | Got a serpentine rune of Zot
 36848 | Elf:1    | Entered Level 1 of the Elven Halls
 36929 | Elf:1    | Found Wupyl's Jewellery Shop.
 37431 | Elf:1    | Got Sif Muna's Meditations on Portals and Fulmination
 37912 | Elf:2    | Paralysed by an air elemental for 1 turns
 37916 | Elf:2    | Paralysed by an air elemental for 1 turns
 38192 | Elf:2    | Noticed Roxanne
 38239 | Elf:2    | Reached XP level 24. HP: 243/244 MP: 30/30
 38441 | Elf:2    | Found Ylala's Antique Weapon Shoppe.
 38626 | Elf:2    | Killed Roxanne
 38660 | Elf:2    | Found a runed translucent gate.
 38661 | Elf:2    | Found a runed translucent gate.
 38661 | Elf:2    | Found a runed translucent gate.
 38702 | Elf:3    | Entered Level 3 of the Elven Halls
 39207 | Elf:3    | Reached skill level 15 in Shapeshifting
 39467 | Elf:3    | Identified the +10 battleaxe of Revolt {vamp, rPois rC++
                  | Str+3}
 39476 | Elf:3    | Identified the +9 mace "Geodeman" {protect, *Noise rElec
                  | rN+ rCorr Str+3}
 39501 | Elf:3    | Got Sif Muna's Compendium of Unfortunate Correspondence
 39513 | Elf:3    | Identified the +5 rapier "Duofujin" {heavy, rElec rC+++
                  | MP-9 Dex-3}
 39515 | Elf:3    | Identified the +10 storm dragon scales of Philately {rElec
                  | rPois rF- rCorr}
 39516 | Elf:3    | Identified the +2 rapier of Dithmenos, Destroying {venom,
                  | rC+}
 39532 | Elf:3    | Got the Vellum of Vapour
 39558 | Elf:3    | Identified the ring of Temoys {rElec SInv}
 40206 | Depths:1 | Entered Level 1 of the Depths
 40338 | Depths:1 | Learned a level 4 spell: Dimensional Bullseye
 40410 | Depths:1 | Found a sacrificial altar of Ru.
 40665 | Depths:1 | Found an iron altar of Okawaru.
 40974 | Depths:1 | Found a gateway to Hell.
 41916 | Depths:2 | Noticed Sojobo
 41949 | Depths:2 | Killed Sojobo
 42148 | Depths:2 | Found a one-way gate leading to the halls of Pandemonium.
 42278 | Depths:2 | Reached XP level 25. HP: 236/252 MP: 30/30
 42378 | Depths:2 | Noticed a juggernaut
 42389 | Depths:2 | Killed a juggernaut
 42882 | Depths:2 | Identified the staff of the End {rPois rF+ rC- Summ Air
                  | Alchemy}
 42960 | Depths:2 | Noticed a juggernaut
 42974 | Depths:2 | Killed a juggernaut
 43305 | Depths:3 | Found a one-way gate to the infinite horrors of the Abyss.
 43612 | Depths:3 | Found Raado's Assorted Antiques.
 43624 | Depths:3 | Bought a shiny onyx ring for 100 gold pieces
 43730 | Depths:3 | Identified the +2 robe of Makhleb's Respect {Int+6}
 43794 | Depths:3 | Noticed Boris
 43796 | Depths:3 | Noticed a juggernaut
 43812 | Depths:3 | Killed Boris
 43825 | Depths:3 | Killed a juggernaut
 44717 | Depths:3 | Identified the +1 falchion of Dung {flame, rN+++ Str+3}
 44723 | Depths:3 | Identified the amulet of Nunid {Spirit Stlth+}
 44740 | Depths:3 | Identified the +3 mace "Metai" {flame, ^Drain rF+ Str+6}
 44843 | Depths:3 | Acquired the +5 pair of boots of Red Liberty {+Inv rF++
                  | Str+3 Int-2}
 44999 | Depths:4 | Entered Level 4 of the Depths
 45053 | Depths:4 | Found a magical portal.
 45080 | WizLab   | Entered Maxwell's Workshop
 45169 | WizLab   | Identified the ring of Vifyacso {Fire MP+9 Int+3}
 45170 | WizLab   | Identified the ring of Guohudghoits {Fire Fly}
 45235 | WizLab   | Reached XP level 26. HP: 189/261 MP: 30/30
 45550 | WizLab   | Identified the +0 robe "Veak" {rF+ Int+3 SInv}
 45607 | WizLab   | Identified the +0 leather armour "Wonin" {Stlth+}
 46151 | Depths:4 | Noticed Boris
 46169 | Depths:4 | Killed Boris
 46553 | Depths:4 | Found a gate to the Realm of Zot.
 46657 | Depths:4 | Found a one-way gateway to a ziggurat.
 46810 | Depths:4 | Found a hazy altar of Hepliaklqana.
 47238 | Crypt:1  | Entered Level 1 of the Crypt
 48761 | Crypt:2  | Noticed Zenata
 48785 | Crypt:2  | Killed Zenata
 49068 | Crypt:2  | Noticed Saint Roka
 49091 | Crypt:2  | Killed Saint Roka
 49142 | Crypt:3  | Entered Level 3 of the Crypt
 49405 | Crypt:3  | Found an ancient bone altar of Kikubaaqudgha.
 49405 | Crypt:3  | Noticed a dread lich
 49415 | Crypt:3  | Killed a dread lich
 49456 | Crypt:3  | Identified the +2 pair of boots of Acze {Str+3 Slay+2}
 49957 | Crypt:3  | Found a staircase to the Tomb.
 50303 | Vaults:5 | Entered Level 5 of the Vaults
 50489 | Vaults:5 | Noticed a dread lich
 50498 | Vaults:5 | Killed a dread lich
 50534 | Vaults:5 | Identified the +4 short sword of Qazlal's Respect {heavy,
                  | Stlth+}
 50542 | Vaults:5 | Reached XP level 27. HP: 173/273 MP: 30/30
 50935 | Vaults:5 | Identified the +3 arbalest of Somewhere Else {freeze, Int-4
                  | Dex+5}
 51453 | Vaults:5 | Noticed an ancient lich
 51474 | Vaults:5 | Killed an ancient lich
 51692 | Vaults:5 | Noticed a dread lich
 51709 | Vaults:5 | Killed a dread lich
 51830 | Vaults:5 | Identified the staff of the Crafting Jester {^Contam rPois
                  | rF+ Int+6 Air Alchemy}
 52051 | Vaults:5 | Got the Opusculum on the Serac and Death
 52061 | Vaults:5 | Got a silver rune of Zot
 52211 | Vaults:5 | Found Onoloskytt's Jewellery Emporium.
 52222 | Vaults:5 | Found Juazia's Distillery.
 52866 | Depths:3 | Voluntarily entered the Abyss.
 52866 | Abyss:1  | Found a corrupted altar of Lugonu.
 52871 | Abyss:1  | Found a corrupted altar of Lugonu.
 52941 | Abyss:1  | Found a corrupted altar of Lugonu.
 53121 | Abyss:1  | Found a corrupted altar of Lugonu.
 53127 | Abyss:1  | Found a corrupted altar of Lugonu.
 53136 | Abyss:1  | Found a corrupted altar of Lugonu.
 53183 | Abyss:2  | Found a corrupted altar of Lugonu.
 53189 | Abyss:2  | Found a corrupted altar of Lugonu.
 53422 | Abyss:2  | Found a corrupted altar of Lugonu.
 53502 | Abyss:2  | Found a corrupted altar of Lugonu.
 53517 | Abyss:2  | Found a corrupted altar of Lugonu.
 53634 | Abyss:3  | Found a basalt altar of Yredelemnul.
 53636 | Abyss:3  | Noticed an ancient lich
 53649 | Abyss:3  | Killed an ancient lich
 53664 | Abyss:3  | Found a basalt altar of Yredelemnul.
 53696 | Abyss:3  | Paralysed by accursed screaming for 2 turns
 53708 | Abyss:3  | Found a basalt altar of Yredelemnul.
 53735 | Abyss:3  | Got an abyssal rune of Zot
 53759 | Depths:3 | Escaped the Abyss
 54023 | Slime:1  | Entered Level 1 of the Pits of Slime
 54193 | Slime:5  | Entered Level 5 of the Pits of Slime
 54699 | Slime:5  | Noticed the Royal Jelly
 54734 | Slime:5  | Killed the Royal Jelly
 55014 | Slime:5  | Got a slimy rune of Zot
 55016 | Slime:5  | Got Sif Muna's Atlas of Necromancy and the Crevasse
 55021 | Slime:5  | Got a starry gem with 110 turns to spare
 55100 | Slime:5  | Identified the staff "Diamp" {rElec rCorr Air}
 55111 | Slime:5  | Identified the +6 rapier of Ignis's Regard {vamp, rElec
                  | Str-5 Dex+4 Stlth+}
 55126 | Slime:5  | Identified the ring of Qonubofu {rC+ Int+6 Stlth+}
 55131 | Slime:5  | Lost the starry gem through the power of Zot.Gained a life
                  | (8 lives remaining)
 55136 | Slime:5  | Identified the ring of the Skiapode {Will+ Int+2 Dex+2}
 55529 | Zot:1    | Entered Level 1 of the Realm of Zot
 56345 | Zot:2    | Noticed an orb of fire
 56355 | Zot:2    | Killed an orb of fire
 56369 | Zot:2    | Noticed an orb of fire
 56392 | Zot:1    | Killed an orb of fire
 56744 | Zot:1    | Reached skill level 15 in Stealth
 56942 | Zot:2    | You fall into a shaft and drop 1 floor!
 57227 | Zot:3    | Found a transporter.
 57233 | Zot:3    | Found a transporter.
 57233 | Zot:3    | Noticed Coluruets's ghost (legendary HuBe)
 57586 | Zot:3    | Paralysed by an air elemental for 1 turns
 57807 | Zot:3    | Identified the staff of Magiamo {rElec rC+ Air}
 58026 | Zot:3    | Identified the ring "Meenk" {rC+ rN+ Will+ Int+2}
 58693 | Zot:4    | Noticed an orb of fire
 58704 | Zot:4    | Killed an orb of fire
 59617 | Zot:5    | Entered Level 5 of the Realm of Zot
 59720 | Zot:5    | Reached skill level 1 in Hexes
 59721 | Zot:5    | Reached skill level 1 in Spellcasting
 59721 | Zot:5    | Reached skill level 1 in Translocations
 59767 | Zot:5    | Reached skill level 2 in Hexes
 59981 | Zot:4    | Reached skill level 3 in Hexes
 60280 | Zot:5    | Noticed an orb of fire
 60292 | Zot:5    | Killed an orb of fire
 60596 | Hell     | Entered the Vestibule of Hell
 60596 | Hell     | Noticed Geryon
 60771 | Hell     | Reached skill level 4 in Hexes
 61073 | Hell     | Reached skill level 5 in Hexes
 61256 | Hell     | Killed Geryon
 61320 | Hell     | Reached skill level 5 in Spellcasting
 61320 | Hell     | Found a gateway to the freezing wastes of Cocytus.
 61439 | Hell     | Reached skill level 5 in Translocations
 61617 | Hell     | Found a gateway to the Iron City of Dis.
 61687 | Hell     | Found a gateway to the ashen valley of Gehenna.
 61803 | Hell     | Found a gateway to the decaying netherworld of Tartarus.
 61877 | Hell     | Upgraded the game from 0.31-a0-1343-gcd514f47d3 to
                  | 0.31-a0-1363-g282adc679d
 61979 | Pan      | Entered Pandemonium
 61979 | Pan      | Noticed Foprux the pandemonium lord
 62020 | Pan      | Killed Foprux the pandemonium lord
 62028 | Pan      | Reached skill level 6 in Hexes
 63040 | Pan      | Reached skill level 7 in Hexes
 63817 | Pan      | Reached skill level 8 in Hexes
 63819 | Pan      | Identified the +1 tower shield of Impatience {Dex+5}
 63887 | Pan      | Identified the +2 tower shield of a sewer {*Corrode Will+++
                  | Slay-5 Stlth+}
 64345 | Pan      | Identified the +1 sling "Logyezxi" {flame, rC+ Int+2}
 64345 | Pan      | Identified the +5 leather armour "Lagee" {rN+ rCorr SInv}
 64426 | Pan      | Noticed a seraph
 64815 | Pan      | Reached skill level 9 in Hexes
 65027 | Pan      | Identified the +7 tower shield of the Lotus Blossom {+Inv
                  | rN+++ rCorr Str-3}
 65027 | Pan      | Killed a seraph
 65064 | Pan      | Identified the +1 short sword "Hobud" {drain, rF++ MP-9}
 65066 | Pan      | Got a demonic rune of Zot
 65069 | Pan      | Got Sif Muna's Writings on Energy
 65076 | Pan      | Identified the staff of a wizard's laboratory {rC+ rN++
                  | Ice}
 65082 | Pan      | Identified the +0 pair of boots "Yxtudued" {rPois rF++}
 65389 | Pan      | Noticed Nuck the pandemonium lord
 65409 | Pan      | Killed Nuck the pandemonium lord
 65603 | Pan      | Reached skill level 10 in Hexes
 65917 | Pan      | Learned a level 6 spell: Dispersal
 65925 | Pan      | Learned a level 7 spell: Enfeeble
 65934 | Pan      | Learned a level 8 spell: Disjunction
 66287 | Pan      | Learned a level 3 spell: Fugue of the Fallen
 66291 | Pan      | Noticed Jyhais the pandemonium lord
 66303 | Pan      | Killed Jyhais the pandemonium lord
 66310 | Pan      | Entered the realm of Mnoleg.
 66517 | Pan      | Reached skill level 10 in Spellcasting
 66568 | Pan      | Reached skill level 10 in Translocations
 66577 | Pan      | Reached skill level 11 in Hexes
 66603 | Pan      | Noticed Mnoleg
 67418 | Pan      | Killed Mnoleg
 67419 | Pan      | Reached skill level 12 in Hexes
 67592 | Pan      | Got a glowing rune of Zot
 67657 | Pan      | Entered the realm of Gloorx Vloq.
 67983 | Pan      | Noticed Gloorx Vloq
 68009 | Pan      | Killed Gloorx Vloq
 68081 | Pan      | Got a dark rune of Zot
 68095 | Pan      | Reached skill level 13 in Hexes
 68512 | Pan      | Found an exit through the horrors of the Abyss.
 69026 | Pan      | Noticed Unkotirr the pandemonium lord
 69045 | Pan      | Killed Unkotirr the pandemonium lord
 69046 | Pan      | Reached skill level 14 in Hexes
 69292 | Pan      | Entered the realm of Cerebov.
 69643 | Pan      | Reached skill level 15 in Hexes
 69653 | Pan      | Found the +6 sword of Cerebov {flame}
 69653 | Pan      | Noticed Cerebov
 69958 | Pan      | Found an exit through the horrors of the Abyss.
 70348 | Pan      | Got Sif Muna's Compilation of the Birds and the Adder
 70350 | Pan      | Identified the +5 shortbow of the Keeping Gnat {freeze,
                  | rElec}
 70353 | Pan      | Identified the +2 sling of Gin and Tonic {heavy, Fly rC++
                  | MP-9}
 70354 | Pan      | Identified the +4 plate armour of Spring Thaw {Harm rF+
                  | MP+9 Dex-5}
 70408 | Pan      | Identified the storm talisman "Jaan" {*Corrode rC+ Str+2
                  | Stlth+}
 70426 | Pan      | Identified the +6 glaive "Laphum" {heavy, rF+ rN+ Int-3
                  | Dex+3}
 70466 | Pan      | Identified the +7 whip "Hell-Harrower" {protect, Int+3}
 70535 | Pan      | Got a fiery rune of Zot
 70773 | Pan      | Reached skill level 16 in Hexes
 70849 | Pan      | Noticed Neshrid the pandemonium lord
 70900 | Pan      | Killed Neshrid the pandemonium lord
 70909 | Pan      | Reached skill level 15 in Translocations
 71050 | Pan      | Found an exit through the horrors of the Abyss.
 71055 | Pan      | Entered the realm of Lom Lobon.
 71062 | Pan      | Got the Grimoire of Virous Inhalation
 71637 | Pan      | Noticed Lom Lobon
 72049 | Pan      | Reached skill level 17 in Hexes
 72516 | Pan      | Killed Lom Lobon
 72534 | Pan      | Got a magical rune of Zot
 72834 | Depths:2 | Escaped Pandemonium
 72835 | Depths:2 | Upgraded the game from 0.31-a0-1363-g282adc679d to
                  | 0.31-a0-1376-g36f0627844
 72954 | D:15     | You paid a toll of 7 potions of haste to enter a treasure
                  | trove
 72955 | Trove    | Entered a treasure trove
 72962 | Trove    | Identified the +1 plate armour of Lugonu's Reproof {rPois
                  | rC+++ Int+2 Dex-5}
 72963 | Trove    | Identified the +0 hat of the Forest {*Slow +Blink Dex+2}
 72964 | Trove    | Identified the +3 buckler "Hero's Friend" {Regen+ Str+3
                  | Int+4 Dex-4}
 72968 | Trove    | Identified the +1 hat of Context {Will+ Stlth+}
 72973 | Trove    | Identified the +1 buckler of Walaonom {Slay+2}
 73154 | Zig:1    | Entered Level 1 of a ziggurat
 73168 | Zig:2    | Entered Level 2 of a ziggurat
 73197 | Zig:3    | Entered Level 3 of a ziggurat
 73222 | Zig:3    | Identified the +8 whip "Aqoeptyck" {freeze, rC+ MP+9}
 73224 | Zig:4    | Entered Level 4 of a ziggurat
 73255 | Zig:4    | Identified the ring "Avocw" {Will+ rCorr Int+5}
 73265 | Zig:5    | Entered Level 5 of a ziggurat
 73313 | Zig:6    | Entered Level 6 of a ziggurat
 73361 | Zig:6    | Got the Volume of the Loathsome Winter
 73369 | Zig:7    | Entered Level 7 of a ziggurat
 73443 | Zig:8    | Entered Level 8 of a ziggurat
 73519 | Zig:9    | Entered Level 9 of a ziggurat
 73542 | Zig:9    | Reached skill level 18 in Hexes
 73562 | Zig:9    | Reached skill level 1 in Necromancy
 73751 | Zig:9    | Identified the amulet "Neustes" {Acrobat +Blink Slay+3
                  | Stlth+}
 73757 | Zig:9    | Identified the ring of Jaclarph {Wiz Str+2 Dex+4}
 73759 | Zig:9    | Identified the +3 spear of Resourcefulness {freeze, +Blink
                  | rElec Str+6}
 73762 | Zig:9    | Identified the +1 long sword "Kienneko" {flame, Str+2}
 73802 | Depths:4 | Gained mutation: Armour fits poorly on your strangely
                  | shaped body. [potion of mutation]
 73802 | Depths:4 | Gained mutation: You have sharp fingernails. [potion of
                  | mutation]
 73802 | Depths:4 | Gained mutation: You are agile. (Dex +4, Str/Int -1)
                  | [potion of mutation]
 73803 | Depths:4 | Lost mutation: You have sharp fingernails. [potion of
                  | mutation]
 73803 | Depths:4 | Lost mutation: Armour fits poorly on your strangely shaped
                  | body. [potion of mutation]
 73803 | Depths:4 | Gained mutation: You passively map a small area around you.
                  | [potion of mutation]
 73803 | Depths:4 | Gained mutation: Your magical capacity is low. (-10% MP)
                  | [potion of mutation]
 73804 | Depths:4 | Lost mutation: You passively map a small area around you.
                  | [potion of mutation]
 73804 | Depths:4 | Lost mutation: Your magical capacity is low. (-10% MP)
                  | [potion of mutation]
 73804 | Depths:4 | Gained mutation: Your mind is acute. (Int +4, Str/Dex -1)
                  | [potion of mutation]
 73804 | Depths:4 | Gained mutation: You have large cloven feet. [potion of
                  | mutation]
 73804 | Depths:4 | Gained mutation: You are strong-willed. (Will+) [potion of
                  | mutation]
 73805 | Depths:4 | Lost mutation: You are agile. (Dex +4, Str/Int -1) [potion
                  | of mutation]
 73805 | Depths:4 | Lost mutation: You have large cloven feet. [potion of
                  | mutation]
 73805 | Depths:4 | Lost mutation: You are strong-willed. (Will+) [potion of
                  | mutation]
 73805 | Depths:4 | Gained mutation: Your muscles are strong. (Str +4, Int/Dex
                  | -1) [potion of mutation]
 73805 | Depths:4 | Gained mutation: You sometimes lose your temper in combat.
                  | [potion of mutation]
 73806 | Depths:4 | Lost mutation: Your muscles are strong. (Str +4, Int/Dex
                  | -1) [potion of mutation]
 73806 | Depths:4 | Lost mutation: Your mind is acute. (Int +4, Str/Dex -1)
                  | [potion of mutation]
 73806 | Depths:4 | Gained mutation: Your magical capacity is low. (-10% MP)
                  | [potion of mutation]
 73807 | Depths:4 | Lost mutation: Your magical capacity is low. (-10% MP)
                  | [potion of mutation]
 73807 | Depths:4 | Lost mutation: You sometimes lose your temper in combat.
                  | [potion of mutation]
 73807 | Depths:4 | Gained mutation: Your magical capacity is low. (-10% MP)
                  | [potion of mutation]
 73807 | Depths:4 | Gained mutation: You have large cloven feet. [potion of
                  | mutation]
 73807 | Depths:4 | Gained mutation: You are vulnerable to cold. (rC-) [potion
                  | of mutation]
 73808 | Depths:4 | Lost mutation: You are vulnerable to cold. (rC-) [potion of
                  | mutation]
 73808 | Depths:4 | Lost mutation: You have large cloven feet. [potion of
                  | mutation]
 73808 | Depths:4 | Gained mutation: You are somewhat resistant to further
                  | mutation. [potion of mutation]
 73808 | Depths:4 | Gained mutation: You possess an exceptional clarity of
                  | mind. [potion of mutation]
 73809 | Depths:4 | Lost mutation: You are somewhat resistant to further
                  | mutation. [potion of mutation]
 73809 | Depths:4 | Lost mutation: Your magical capacity is low. (-10% MP)
                  | [potion of mutation]
 73809 | Depths:4 | Lost mutation: You possess an exceptional clarity of mind.
                  | [potion of mutation]
 73809 | Depths:4 | Gained mutation: You have hidden genetic potential. [potion
                  | of mutation]
 73809 | Depths:4 | Gained mutation: You have large cloven feet. [potion of
                  | mutation]
 73810 | Depths:4 | Lost mutation: You have large cloven feet. [potion of
                  | mutation]
 73810 | Depths:4 | Lost mutation: You have hidden genetic potential. [potion
                  | of mutation]
 73810 | Depths:4 | Gained mutation: You are clumsy. (Dex -2) [potion of
                  | mutation]
 73810 | Depths:4 | Gained mutation: Your body sometimes deteriorates upon
                  | taking damage. [potion of mutation]
 73810 | Depths:4 | Gained mutation: You have an increased reservoir of magic.
                  | (+10% MP) [potion of mutation]
 73810 | Depths:4 | Gained mutation: Your spells are a little harder to cast,
                  | but a little more powerful. [potion of mutation]
 73811 | Depths:4 | Lost mutation: Your spells are a little harder to cast, but
                  | a little more powerful. [potion of mutation]
 73811 | Depths:4 | Lost mutation: Your body sometimes deteriorates upon taking
                  | damage. [potion of mutation]
 73811 | Depths:4 | Lost mutation: You have an increased reservoir of magic.
                  | (+10% MP) [potion of mutation]
 73811 | Depths:4 | Gained mutation: Your body sometimes deteriorates upon
                  | taking damage. [potion of mutation]
 73812 | Depths:4 | Lost mutation: You are clumsy. (Dex -2) [potion of
                  | mutation]
 73812 | Depths:4 | Lost mutation: Your body sometimes deteriorates upon taking
                  | damage. [potion of mutation]
 73812 | Depths:4 | Gained mutation: You are vulnerable to cold. (rC-) [potion
                  | of mutation]
 73813 | Depths:4 | Lost mutation: You are vulnerable to cold. (rC-) [potion of
                  | mutation]
 73813 | Depths:4 | Gained mutation: Your muscles are strong. (Str +4, Int/Dex
                  | -1) [potion of mutation]
 74245 | Tomb:1   | Entered Level 1 of the Tomb of the Ancients
 74574 | Tomb:1   | Noticed a royal mummy
 74581 | Tomb:1   | Killed a royal mummy
 74981 | Tomb:2   | Noticed a royal mummy
 74981 | Tomb:2   | Noticed a royal mummy
 74981 | Tomb:2   | Noticed a royal mummy
 74981 | Tomb:2   | Noticed a royal mummy
 74983 | Tomb:2   | Noticed a royal mummy
 75001 | Tomb:2   | Killed a royal mummy
 75045 | Tomb:2   | Killed a royal mummy
 75051 | Tomb:2   | HP: 14/291 [emperor scorpion[a royal mummy] (3)]
 75198 | Tomb:2   | Reached skill level 5 in Necromancy
 75217 | Tomb:2   | Killed a royal mummy
 75418 | Tomb:2   | Killed a royal mummy
 75428 | Tomb:2   | Killed a royal mummy
 75670 | Tomb:2   | Learned a level 2 spell: Blink
 75706 | Tomb:1   | Noticed a royal mummy
 75709 | Tomb:1   | Noticed a royal mummy
 75717 | Tomb:1   | Killed a royal mummy
 75718 | Tomb:1   | Noticed a royal mummy
 75726 | Tomb:1   | Killed a royal mummy
 75734 | Tomb:1   | Killed a royal mummy
 75749 | Tomb:1   | Noticed a royal mummy
 75767 | Tomb:1   | Killed a royal mummy
 75781 | Tomb:1   | Noticed a royal mummy
 75796 | Tomb:1   | Killed a royal mummy
 75819 | Tomb:1   | Noticed a royal mummy
 75827 | Tomb:1   | Noticed a royal mummy
 75828 | Tomb:1   | Killed a royal mummy
 75830 | Tomb:1   | Noticed a royal mummy
 75841 | Tomb:1   | Killed a royal mummy
 75862 | Tomb:1   | Killed a royal mummy
 75880 | Tomb:1   | Noticed a royal mummy
 75884 | Tomb:1   | Noticed a royal mummy
 75889 | Tomb:1   | Killed a royal mummy
 75903 | Tomb:1   | Killed a royal mummy
 75909 | Tomb:1   | Noticed a royal mummy
 75925 | Tomb:1   | Noticed a royal mummy
 75927 | Tomb:1   | Killed a royal mummy
 75938 | Tomb:1   | Killed a royal mummy
 75990 | Tomb:1   | Noticed a royal mummy
 75995 | Tomb:1   | Noticed a royal mummy
 76006 | Tomb:1   | Killed a royal mummy
 76006 | Tomb:1   | Noticed a royal mummy
 76015 | Tomb:1   | Killed a royal mummy
 76020 | Tomb:1   | Killed a royal mummy
 76200 | Tomb:3   | Entered Level 3 of the Tomb of the Ancients
 76314 | Tomb:3   | Noticed a royal mummy
 76332 | Tomb:3   | Killed a royal mummy
 76334 | Tomb:3   | Noticed a royal mummy
 76346 | Tomb:3   | Killed a royal mummy
 76349 | Tomb:3   | Noticed Boris
 76357 | Tomb:3   | Noticed a royal mummy
 76362 | Tomb:3   | Killed Boris
 76368 | Tomb:3   | Killed a royal mummy
 76379 | Tomb:3   | Noticed a royal mummy
 76387 | Tomb:3   | Killed a royal mummy
 76396 | Tomb:3   | Noticed a royal mummy
 76400 | Tomb:3   | Noticed a royal mummy
 76401 | Tomb:3   | Noticed a royal mummy
 76402 | Tomb:3   | Noticed a royal mummy
 76542 | Tomb:3   | Noticed a royal mummy
 76555 | Tomb:3   | Killed a royal mummy
 76572 | Tomb:3   | Killed a royal mummy
 76585 | Tomb:3   | Killed a royal mummy
 76604 | Tomb:3   | Killed a royal mummy
 76634 | Tomb:3   | Killed a royal mummy
 76811 | Tomb:3   | Got a golden rune of Zot
 76843 | Tomb:3   | Found the +8 arc blade {discharge, rElec}
 76875 | Tomb:3   | Identified the +10 long sword of the Breathing Puffin
                  | {heavy, *Noise rElec rPois Stlth-}
 76900 | Tomb:3   | Identified the +6 mace of Liugikkeu {pain, rN+}
 76908 | Tomb:3   | Identified the +1 ring mail of the Thoughtful Portals
                  | {rElec rF+ Stlth+}
 77171 | Tomb:3   | Learned a level 5 spell: Yara's Violent Unravelling
 77180 | Tomb:3   | Learned a level 8 spell: Discord
 77785 | Coc:1    | Entered Level 1 of Cocytus
 77806 | Coc:1    | Paralysed by a wendigo for 1 turns
 77818 | Coc:1    | Reached skill level 19 in Hexes
 77833 | Coc:1    | Paralysed by a wendigo for 1 turns
 78192 | Coc:3    | Paralysed by a wendigo for 1 turns
 78232 | Coc:3    | Paralysed by a wendigo for 1 turns
 78500 | Coc:4    | Paralysed by a wendigo for 1 turns
 78991 | Coc:6    | Reached skill level 20 in Hexes
 79052 | Coc:7    | Entered Level 7 of Cocytus
 79389 | Coc:7    | Noticed an ancient lich
 79399 | Coc:7    | Killed an ancient lich
 79501 | Coc:7    | Noticed an ancient lich
 79514 | Coc:7    | Killed an ancient lich
 79518 | Coc:7    | Paralysed by a wendigo for 1 turns
 79623 | Coc:7    | Paralysed by a wendigo for 1 turns
 79684 | Coc:7    | Reached skill level 21 in Hexes
 79854 | Coc:7    | Paralysed by a wendigo for 1 turns
 80074 | Coc:7    | Paralysed by a wendigo for 1 turns
 80676 | Coc:7    | Noticed Antaeus
 80715 | Coc:7    | Killed Antaeus
 80768 | Coc:7    | Got an icy rune of Zot
 81103 | Tar:1    | Entered Level 1 of Tartarus
 81883 | Tar:4    | Reached skill level 15 in Spellcasting
 81895 | Tar:4    | Reached skill level 22 in Hexes
 82377 | Tar:7    | Entered Level 7 of Tartarus
 82857 | Tar:7    | Reached skill level 23 in Hexes
 82881 | Tar:7    | Noticed an ancient lich
 82882 | Tar:7    | Noticed an ancient lich
 82882 | Tar:7    | Noticed a dread lich
 82894 | Tar:7    | Paralysed by a dread lich for 5 turns
 82902 | Tar:7    | Killed a dread lich
 82913 | Tar:7    | Killed an ancient lich
 82928 | Tar:7    | Killed an ancient lich
 82961 | Tar:7    | Identified the ring of Xom's Passing Interest {Wiz Str+2}
 83293 | Tar:7    | Identified the ring "Qeuloc" {Ice Int+4 Stlth+}
 83341 | Tar:7    | Identified the amulet of Giyxeuc {Acrobat rF+ Str+3}
 83564 | Tar:7    | Noticed Ereshkigal
 83596 | Tar:7    | Killed Ereshkigal
 83688 | Tar:7    | Got a bone rune of Zot
 83737 | Tar:7    | Noticed the Serpent of Hell
 83764 | Tar:7    | Killed the Serpent of Hell
 84012 | Tar:7    | Found the +7 great mace "Undeadhunter" {deathbane, rN+}
 84016 | Tar:7    | Identified the +0 ring mail of the Eagle {*Slow rPois rC++
                  | SInv}
 84020 | Tar:7    | Identified the +8 orcbow of Zeleocs {speed, rElec Int+2
                  | Dex+3 Stlth+}
 84022 | Tar:7    | Identified the +6 long sword of Icvilabo {drain, rF+ Str+4
                  | Int+4}
 84122 | Tar:7    | Reached skill level 24 in Hexes
 84222 | Tar:7    | Identified the +1 tower shield of the Saviour {Str+7}
 84409 | Dis:1    | Entered Level 1 of the Iron City of Dis
 85380 | Dis:3    | Noticed a dread lich
 85381 | Dis:3    | Noticed an ancient lich
 85381 | Dis:3    | Noticed a dread lich
 85383 | Dis:3    | Noticed an ancient lich
 85384 | Dis:3    | Noticed a dread lich
 85399 | Dis:3    | Killed a dread lich
 85406 | Dis:3    | Noticed an ancient lich
 85408 | Dis:3    | Killed a dread lich
 85427 | Dis:3    | Killed an ancient lich
 85430 | Dis:3    | Noticed a dread lich
 85432 | Dis:3    | Killed a dread lich
 85438 | Dis:3    | Killed an ancient lich
 85439 | Dis:3    | Reached skill level 25 in Hexes
 85445 | Dis:3    | Noticed an ancient lich
 85449 | Dis:3    | Killed a dread lich
 85453 | Dis:3    | Noticed a dread lich
 85453 | Dis:3    | Killed an ancient lich
 85458 | Dis:3    | Killed an ancient lich
 85464 | Dis:3    | Killed a dread lich
 85553 | Dis:3    | Learned a level 7 spell: Malign Gateway
 85559 | Dis:3    | Learned a level 5 spell: Borgnjor's Vile Clutch
 85608 | Dis:4    | Reached skill level 1 in Summonings
 85614 | Dis:4    | Reached skill level 1 in Earth Magic
 85631 | Dis:4    | You fall into a shaft and drop 2 floors!
 85634 | Dis:7    | Entered Level 7 of the Iron City of Dis
 86162 | Dis:7    | Reached skill level 5 in Summonings
 86321 | Dis:7    | Reached skill level 5 in Earth Magic
 87390 | Dis:7    | Identified the ring of Brilliance {rN+ Will+}
 87401 | Dis:7    | Identified the staff "Tuom" {rC+ Dex+4 Ice}
 87411 | Dis:7    | Identified the staff of a Thousand Eyes {^Drain rPois
                  | Will+++ Int+2 Alchemy}
 87576 | Dis:7    | Identified the +5 trident "Vups" {spect, rCorr}
 87624 | Dis:7    | Identified the staff of the Scuffed God {^Drain rElec Hexes
                  | Tloc Earth}
 87718 | Dis:7    | Found the +3 pair of seven-league boots {Rampage+∞}
 87965 | Dis:7    | Noticed Dispater
 88728 | Dis:7    | Killed Dispater
 88729 | Dis:7    | Reached skill level 10 in Summonings
 88755 | Dis:7    | Got an iron rune of Zot
 88922 | Geh:1    | Entered Level 1 of Gehenna
 89059 | Geh:1    | You fall into a shaft and drop 1 floor!
 89105 | Geh:2    | Reached skill level 10 in Earth Magic
 89421 | Geh:4    | Noticed a dread lich
 89434 | Geh:4    | Killed a dread lich
 89967 | Geh:7    | Entered Level 7 of Gehenna
 90552 | Geh:7    | Noticed a dread lich
 90568 | Geh:7    | Killed a dread lich
 91104 | Geh:7    | Found the +13 sceptre of Asmodeus
 91104 | Geh:7    | Noticed Asmodeus
 91156 | Geh:7    | Killed Asmodeus
 91314 | Geh:7    | Identified the staff "Orb Guardian's Regret" {*Slow rElec
                  | rF+ rN+++ Str-4 Fire}
 91321 | Geh:7    | Identified the +7 great sword of Guile {heavy, rC+}
 91322 | Geh:7    | Identified the quicksilver dragon scales of the Fiddle
                  | {Rampage +Inv Will+}
 91342 | Geh:7    | Identified the +2 scale mail of Tomoenif {rN+ Str+4}
 91357 | Geh:7    | Got an obsidian rune of Zot
 91637 | Zot:1    | Upgraded the game from 0.31-a0-1376-g36f0627844 to
                  | 0.31-a0-1395-g7c67ea8c80
 92083 | Zot:5    | Reached skill level 15 in Summonings
 92177 | Zot:5    | Noticed an orb of fire
 92210 | Zot:5    | Killed an orb of fire
 92221 | Zot:5    | Noticed a dread lich
 92233 | Zot:5    | Killed a dread lich
 92260 | Zot:5    | Noticed an orb of fire
 92280 | Zot:5    | Killed an orb of fire
 92515 | Zot:5    | Reached skill level 15 in Earth Magic
 92517 | Zot:5    | Noticed an ancient lich
 92526 | Zot:5    | Killed an ancient lich
 92562 | Zot:5    | Noticed an orb of fire
 92576 | Zot:5    | Killed an orb of fire
 92627 | Zot:5    | Noticed an orb of fire
 92642 | Zot:5    | Killed an orb of fire
 92657 | Zot:5    | Noticed an ancient lich
 92668 | Zot:5    | Killed an ancient lich
 92700 | Zot:5    | Got the Orb of Zot
 92794 | Zot:1    | Identified the +1 tower shield of the Tick {Dex+4}
 93192 | D:6      | Noticed an ancient lich
 93194 | D:6      | Noticed Hocs the pandemonium lord
 93212 | D:5      | Noticed Irosuicy the pandemonium lord
 93232 | Abyss:5  | Cast into level 5 of the Abyss (Irosuicy)
 93294 | D:5      | Escaped the Abyss
 93298 | D:5      | Killed Irosuicy the pandemonium lord
 93429 | D:$      | Escaped with the Orb!

Illustrated notes

Levels and vault maps discovered:
D:1:      spicycebolla_arrival_risky_transporter, layout_basic, serial_shops,
          shop, ebering_dispersal_statue_hall
D:2:      layout_basic, basic_altar, corexii_hall_statues_x, uniq_natasha
D:3:      layout_loops_ring, chequers_ecumenical_altar_simple,
          kennysheep_generic_room_14
D:4:      layout_cave_pools, uniq_crazy_yiuf_cottage
D:5:      layout_loops_cross, temple_hall, portal_sewer_entry_b, serial_shops,
          shop
D:6:      layout_basic, lemuel_tele_altar
D:7:      layout_cave_pods, elyvilon_altar_1,
          chequers_temple_overflow_minitemple
D:8:      layout_cave_pods, zin_academy, hangedman_minor_gate_pass
D:9:      layout_grid_maze, nicolae_doodle_vault
D:10:     layout_cave_pools, nicolae_shop_self_help, uniq_urug
D:11:     layout_basic, due_lair_maze_entry_diamond, david_orc_5, uniq_fannar
D:12:     layout_basic, hangedman_decor_clover_reticule, grunt_ministairs_6,
          uniq_josephine
D:13:     regret_index_makhleb_lecture_halls, layout_basic, elves_outpost_lemuel
D:14:     layout_gridville, hangedman_vaults_entry_quadrant_bands,
          chequers_garden, serial_rivers, chequers_serial_rivers_room_b,
          chequers_serial_rivers_micro_d, chequers_serial_rivers_micro_d,
          chequers_serial_rivers_micro_d, chequers_serial_rivers_small_3,
          serial_shops, nicolae_diamond_shop, uniq_frances, uniq_agnes,
          uniq_snorg
D:15:     gammafunk_enter_depths_forms, layout_rooms,
          nicolae_trove_entry_diagonal, hellmonk_ghost_happy_afterlife,
          hangedman_abyss_or_decor_slice
Temple:   nicolae_temple_bog_church
Lair:1:   layout_regular_city, minmay_lair_oklob_bushes, uniq_prince_ribbit2
Lair:2:   layout_roguey, elwin_shoals_entry_stream,
          nicolae_snake_entry_warm_welcome, infiniplex_staircase_pool_2
Lair:3:   layout_chaotic_city, dreamdust_mushroom_princess, uniq_sonja
Lair:4:   layout_small_grid, nicolae_slime_entry_field_trip,
          gauntlet_entry_generic
Lair:5:   due_jungle_book, layout_loops_ring, lemuel_centaur_altar
Shoals:1: layout_shoals, nicolae_shoals_hidden_pirate_stash
Shoals:2: layout_shoals, uniq_nikola
Shoals:3: layout_shoals
Shoals:4: shoals_end_hangedman, layout_shoals, serial_shops,
          nicolae_shop_drivethru, uniq_polyphemus
Snake:1:  layout_honeycomb, nicolae_custom_books, uniq_asterion, uniq_aizul
Snake:2:  layout_rooms, uniq_vashnia, uniq_jorgrun, uniq_donald
Snake:3:  nicolae_aizul_guard, layout_onion,
          portal_ice_cave_entry_frozen_things, hangedman_snake_corridor_split
Snake:4:  minmay_snake_end_coiled, layout_misc_corridors
Slime:1:  layout_caves
Slime:2:  layout_caves, basic_altar
Slime:3:  layout_caves, nicolae_slime_ancient_tower_intersection
Slime:4:  layout_caves
Slime:5:  slime_pit_nicolae_amoeboid
Orc:1:    layout_caves, serial_shops, shop, hangedman_feature_mirror, uniq_erica
Orc:2:    grunt_orc_gardens, layout_caves, grunt_orc_garden, grunt_orc_garden,
          grunt_orc_garden, grunt_orc_garden,
          regret_index_minedec_shroomtown_chain, guppyfry_orc_lava_fort,
          uniq_rupert
Elf:1:    elf_arrival_002, layout_loops_corners, serial_shops, shop,
          nicolae_elf_shapeshifter_party, grunt_ministairs_6
Elf:2:    nicolae_elf_blades_crystal_corner, layout_loops_cross, serial_sigils,
          serial_sigils_hangedman_etch, serial_sigils_hangedman_shear,
          serial_sigils_hangedman_quiver, serial_sigils_hangedman_writhe,
          serial_shops, nicolae_shop_back_alley_shop, uniq_roxanne
Elf:3:    minmay_elf_hall_curves, layout_geoelf_castle
Vaults:1: vaults_room_pool, nicolae_vaults_sesquioval_fish,
          ontoclasm_vaults_eye, nicolae_vaults_yaktaur_gun_rack,
          nicolae_vaults_an_arrangement, grunt_vaults_funnel,
          ontoclasm_vaults_decontamination, nicolae_vaults_stairing_the_circle,
          nicolae_vaults_closet_pinwheel_4, layout_vaults_quadrants
Vaults:2: ebering_ghost_reflecting_pool, vaults_standard_mumra_lines,
          hangedman_vaults_stream, nicolae_vaults_trapezoid_2,
          nicolae_vaults_network_quinsquares
          [nicolae_vaults_network_quincunx_subvault,
          nicolae_vaults_network_quincunx_subvault,
          nicolae_vaults_network_quincunx_subvault,
          nicolae_vaults_network_quincunx_subvault],
          ontoclasm_vaults_ring_small, ontoclasm_vaults_hangar,
          nicolae_vaults_storing_the_good_stuff, v_misc_29, grunt_vaults_focal,
          minmay_crypt_entry_simple_sparse, vaults_dpeg_ring,
          layout_vaults_big_room, uniq_bai_suzhen, uniq_xtahua
Vaults:3: nicolae_vaults_layer_cake_slice, nicolae_vaults_closet_pinwheel_4,
          dpeg_vaults_monster_box, nicolae_vaults_six-pack,
          vaults_room_ringed_pool, nicolae_vaults_wrenched,
          nicolae_vaults_door_testing_chamber, nicolae_vaults_double_plus_1,
          hangedman_vaults_trim, vaults_mumra_bighexcomb, vaults_dpeg_hooks,
          v_alt_pattern_4, layout_vaults_maze_snakey
Vaults:4: v_misc_28, nicolae_vaults_double_plus_3, hangedman_vaults_capsules,
          vaults_room_fancy_cross, nicolae_vaults_network_periphery,
          ontoclasm_vaults_chip, v_misc_5, v_pattern_2, grunt_vaults_bifocal,
          nicolae_vaults_tetromino_T_2, nicolae_vaults_loss_of_containment,
          nicolae_vaults_hexular_roomagon, ontoclasm_vaults_loading_screen,
          nicolae_vaults_tetromino_Z_1, layout_vaults_omnicross
Vaults:5: serial_shops
Crypt:1:  layout_basic, grunt_megastairs_5, grunt_crypt_arrival_guarded_gate
Crypt:2:  layout_misc_corridors, st_burial_chamber, uniq_zenata, uniq_saint_roka
Crypt:3:  cryptofortress_bobbens
Tomb:1
Tomb:2
Tomb:3
Depths:1: layout_roguey, pf_hell_entry_tar_spiral, okawaru_trees_2,
          kennysheep_crisscross, minmay_misc_feat_alley,
          minmay_misc_feat_pillars, minivault_22, nicolae_ru_awakened_eye
Depths:2: lemuel_castle_with_subvaults [lemuel_castle_interior_carwin_1],
          layout_gridlike, rand_demon_pan_entry_8, hell_entry,
          nicolae_the_louvre, uniq_sojobo, uniq_josephina
Depths:3: cell_vault, layout_basic, infiniplex_staircase_zigzag_3, hell_entry,
          abyss_entry, nicolae_stop_n_shop_2, nicolae_two_hexagons,
          serial_bayou_pond_b, minmay_swirly_circle, uniq_boris
Depths:4: evilmike_zot_entry_basic, layout_gridlike, enter_ziggurat_c,
          nzn_hepliaklqana_mist_gate, lightli_enter_wizlab_magi_temple,
          grunt_mini_vestibule
Hell
Dis:1:    layout_jigsaw, nicolae_dis_strange_trophy_room
Dis:2:    layout_subdivisions
Dis:3:    layout_regular_city, nicolae_hells_leichenhalle
Dis:4:    layout_subdivisions
Dis:6:    layout_subdivisions
Dis:7:    iron_city_of_dis [dis_old, dis_wall_6], layout_gridville
Geh:1:    layout_gehenna_lava_caves
Geh:2:    nicolae_hells_giants_party, layout_gehenna_pools_triple
Geh:3:    layout_gehenna_lava_caves
Geh:4:    layout_gehenna_lava_caves, gehenna_fire_generator
Geh:5:    layout_gehenna_pools_basic
Geh:6:    nicolae_geh_seventh_circle, layout_gehenna_lava_caves
Geh:7:    geh_mu
Coc:1:    layout_cocytus_delve
Coc:2:    layout_cocytus_delve
Coc:3:    layout_ice_bergs
Coc:4:    nicolae_coc_bergin, layout_ice_bergs
Coc:5:    layout_cocytus_water_paths
Coc:6:    layout_cocytus_water_paths
Coc:7:    coc_grunt_cove [coc_grunt_cove_antaeus, coc_grunt_cove_fiend,
          coc_grunt_cove_fiend, coc_grunt_cove_fiend, coc_grunt_cove_fiend]
Tar:1:    nicolae_hells_demon_pit, layout_cathedral_of_symmetry,
          nicolae_hells_seeping_fissure
Tar:2:    layout_grid_maze
Tar:3:    layout_grid_maze
Tar:4:    layout_honeycomb, lemuel_nasty_pond
Tar:5:    layout_grid_maze
Tar:6:    layout_catacombs
Tar:7:    tar_old
Zot:1:    layout_cathedral_of_symmetry, regret_index_zotdec_gossamer_parallel
Zot:2:    layout_misc_corridors, lemuel_baited_zot_trap
Zot:3:    infiniplex_zot_generator, layout_cathedral_of_symmetry, basic_altar,
          gammafunk_ghost_arena
Zot:4:    layout_twisted_circle
Zot:5:    layout_gridlike, st_stairs_1

Skill      XL: |  1  2  3  4  5  6  7  8  9 10 11 12 13 14 15 16 17 18 19 20 21 22 23 24 25 26 27 |
---------------+----------------------------------------------------------------------------------+-----
Long Blades    | 3 |  3.0
Armour         | 1 2 3 4 5 7 10 11 13 17 20 | 20.0
Dodging        | 3 4 5 7 10 13 15 20 | 20.0
Ranged Weapons | 1 2 4 7 10 13 16 18 20 | 20.0
Fighting       | 4 5 8 10 13 14 15 16 20 | 20.0
Invocations    | 2 8 10 | 10.0
Stealth        | 6 10 11 20 | 20.0
Shapeshifting  | 4 6 7 14 18 21 23 | 23.0
Hexes          | 25 | 25.2
Spellcasting   | 15 | 15.0
Translocations | 24 | 24.7
Necromancy     | 7 |  7.0
Summonings     | 17 | 17.4
Earth Magic    | 16 | 16.1

Action                     |  1- 3 |  4- 6 |  7- 9 | 10-12 | 13-15 | 16-18 | 19-21 | 22-24 | 25-27 || total
---------------------------+-------+-------+-------+-------+-------+-------+-------+-------+-------++-------
  Melee: Falchion          |    76 |   115 |   252 |       |       |       |       |       |       ||   443
         Punch             |       |     2 |     4 |     1 |       |       |       |       |       ||     7
         Tailslap          |       |       |    36 |    12 |       |       |       |       |       ||    48
         Great sword       |       |       |    55 |       |       |       |       |       |       ||    55
         War axe           |       |       |    26 |       |       |       |       |       |       ||    26
         Rapier            |       |       |    25 |    52 |       |       |       |       |       ||    77
         Shortbow          |       |       |     1 |       |       |       |       |       |       ||     1
   Fire: Shortbow          |    30 |   138 |   172 |    20 |       |       |       |       |       ||   360
         Longbow           |       |       |       |   565 |  1387 |  1540 |   561 |  1808 | 13544 || 19405
  Throw: Dart              |       |     1 |       |       |       |       |       |       |       ||     1
   Cast: Dimensional Bulls |       |       |       |       |       |       |       |       |    74 ||    74
         Enfeeble          |       |       |       |       |       |       |       |       |    37 ||    37
         Discord           |       |       |       |       |       |       |       |       |    12 ||    12
         Disjunction       |       |       |       |       |       |       |       |       |     6 ||     6
         Yara's Violent Un |       |       |       |       |       |       |       |       |     4 ||     4
         Fugue of the Fall |       |       |       |       |       |       |       |       |     3 ||     3
         Dispersal         |       |       |       |       |       |       |       |       |     1 ||     1
         Borgnjor's Vile C |       |       |       |       |       |       |       |       |     1 ||     1
Ability: Siphon Essence    |       |       |       |       |       |       |       |       |     2 ||     2
  Evoke: Wand              |       |       |       |       |     1 |     1 |       |       |    13 ||    15
    Use: Scroll            |       |     1 |    11 |     3 |    14 |     7 |     2 |     5 |    52 ||    95
         Potion            |       |       |     2 |       |     1 |       |     3 |       |    12 ||    18
   Stab: Sleeping          |     1 |       |     1 |       |       |       |       |       |       ||     2
 Armour: Robe              |    29 |   131 |    75 |       |       |       |       |       |       ||   235
         Ring mail         |       |       |   155 |    19 |    32 |   160 |    44 |   173 |   145 ||   728
         Acid dragon scale |       |       |       |   104 |   135 |       |       |       |       ||   239
         Fire dragon scale |       |       |       |       |       |       |       |       |  3438 ||  3438
  Dodge: Dodged            |    67 |   147 |   397 |   165 |   185 |   183 |    71 |   240 |  7239 ||  8694
  Block: Other             |     7 |    37 |   199 |   101 |   208 |   175 |    60 |   180 |  2485 ||  3452
         Reflection        |       |       |       |     3 |    44 |    58 |    29 |    48 |    10 ||   192
   Form: Death             |       |       |       |       |       |       |       |       |     2 ||     2
                           |       |       |       |       |       |       |       |       |     1 ||     1

Table legend: (Time is in decaauts)
 A = Elapsed time spent in this place.
 B = Non-inter-level travel time spent in this place.
 C = Inter-level travel time spent in this place.
 D = Time resting spent in this place.
 E = Time spent auto-exploring this place.
 F = Levels seen in this place.
 G = Mean time per level.
                   A        B        C        D        E       F      G
               +--------+--------+--------+--------+--------+-----+--------+
         Total |  85887 |  77762 |   8125 |  15735 |  39817 | 119 |  721.7 |
       Dungeon |  17369 |  14772 |   2597 |   3089 |   8445 |  15 | 1157.9 |
        Temple |     38 |      1 |     37 |      0 |      0 |   1 |   38.0 |
          Lair |   4842 |   4164 |    678 |    102 |   3446 |   5 |  968.4 |
        Shoals |   3276 |   3086 |    190 |    548 |   1790 |   4 |  819.0 |
     Snake Pit |   3023 |   2874 |    149 |    700 |   1627 |   4 |  755.8 |
    Slime Pits |   1095 |   1065 |     30 |    457 |     40 |   5 |  219.0 |
  Orcish Mines |   1851 |   1670 |    181 |    308 |    912 |   2 |  925.5 |
   Elven Halls |   2974 |   2822 |    152 |    157 |   2140 |   3 |  991.3 |
        Vaults |   7563 |   6738 |    825 |   1293 |   3925 |   5 | 1512.6 |
         Crypt |   3009 |   2442 |    567 |    137 |   1733 |   3 | 1003.0 |
          Tomb |   2912 |   2659 |    253 |    430 |   1150 |   3 |  970.7 |
        Depths |   6796 |   5627 |   1169 |   1499 |   2858 |   4 | 1699.0 |
          Hell |    959 |    811 |    148 |    107 |    333 |   1 |  959.0 |
           Dis |   3977 |   3883 |     94 |   1504 |   1236 |   6 |  662.8 |
       Gehenna |   2281 |   2077 |    204 |    432 |    656 |   7 |  325.9 |
       Cocytus |   2858 |   2673 |    185 |    722 |    959 |   7 |  408.3 |
      Tartarus |   2767 |   2667 |    100 |    731 |    739 |   7 |  395.3 |
           Zot |   5676 |   5115 |    561 |    876 |   2774 |   5 | 1135.2 |
         Abyss |    857 |    857 |      0 |      0 |     36 |   4 |  214.2 |
   Pandemonium |   9669 |   9669 |      0 |   2264 |   4218 |  14 |  690.6 |
      Ziggurat |    539 |    539 |      0 |    165 |     59 |   9 |   59.9 |
         Trove |     21 |     21 |      0 |      0 |      0 |   1 |   21.0 |
         Sewer |    347 |    347 |      0 |      0 |    145 |   1 |  347.0 |
      Ice Cave |     63 |     63 |      0 |      0 |      8 |   1 |   63.0 |
        Wizlab |    521 |    521 |      0 |    119 |    243 |   1 |  521.0 |
      Gauntlet |    593 |    593 |      0 |     91 |    342 |   1 |  593.0 |
               +--------+--------+--------+--------+--------+-----+--------+

Top non-repeatable levels by time:
   Dis:7: 2930 daAuts
Depths:2: 2038 daAuts
    D:13: 1916 daAuts
     D:6: 1908 daAuts
Depths:4: 1895 daAuts
     D:7: 1873 daAuts
Vaults:5: 1849 daAuts
Depths:3: 1835 daAuts
Vaults:2: 1815 daAuts
   Coc:7: 1800 daAuts
   Tar:7: 1739 daAuts
   Zot:3: 1525 daAuts
Vaults:1: 1491 daAuts
     D:8: 1432 daAuts
   Geh:7: 1412 daAuts
